Workbook
Name _\0: #REF!
Name _\00: #REF!
Name _\a: #REF!
Name _\AA: [1]LIQUIDACION!#REF!
Name _\b: [2]STRSUMM0!#REF!
Name _\bb: [2]STRSUMM0!#REF!
Name _\E: #REF!
Name _\EE: #REF!
Name _\G: #REF!
Name _\k: '[3]7422CW00'!#REF!
Name _\l: [4]STRSUMM0!#REF!
Name _\M: #REF!
Name _\ñ: '[5]7422CW00'!#REF!
Name _\P: #REF!
Name _\R: #REF!
Name _\s: #REF!
Name _\V: #REF!
Name _\X: 'APU 1.1'!ERR
Name _\Z: 'APU 1.1'!ERR
Name __\a: #REF!
Name __\s: #REF!
Name __\X: ERR
Name __\Z: ERR
Name ___\a: #REF!
Name ___\s: #REF!
Name ___\X: ERR
Name ___\Z: ERR
Name ____\a: #REF!
Name ____\s: #REF!
Name ____\X: ERR
Name ____\Z: ERR
Name _____\a: #REF!
Name _____\s: #REF!
Name _____\X: ERR
Name _____\Z: ERR
Name ______\a: #REF!
Name ______\a: #REF!
Name ______\a: #REF!
Name ______\s: #REF!
Name ______\s: #REF!
Name ______\s: #REF!
Name ______\X: ERR
Name ______\X: [0]!ERR
Name ______\X: [0]!ERR
Name ______\Z: ERR
Name ______\Z: [0]!ERR
Name ______\Z: [0]!ERR
Name _______\a: #REF!
Name _______\a: #REF!
Name _______\a: #REF!
Name _______\a: #REF!
Name _______\a: #REF!
Name _______\a: #REF!
Name _______\a: #REF!
Name _______\a: #REF!
Name _______\a: #REF!
Name _______\a: #REF!
Name _______\a: #REF!
Name _______\a: #REF!
Name _______\a: #REF!

Sheet PRESUPUESTO OFICIAL (Entidad)
B1: Formulario 1 - Propuesta económica - Documento tipo de mínima cuantía de obra pública de infraestructura social
B2: Versión: 1 de 21 de agosto de 2025
C5: FORMULARIO 1
C6: PRESUPUESTO OFICIAL
C7: [La Entidad puede utilizar este formulario de detalle del presupuesto oficial para determinar las condiciones bajo las cuales los Proponentes analizarán y presentarán su propuesta económica de forma detallada, sin perjuicio que la Entidad pueda modificarlo o establecer la presentación de la oferta económica con un formulario distinto al indicado.] [El presente Formulario aplica para los Procesos de Contratación que tengan como forma de pago precios unitarios. Tratándose de otras modalidades de pago, la Entidad debe ajustarlo cuando corresponde a: precio global, llave en mano, administración delegada, reembolso de gastos o cualquier otra forma de pago.]
C9: Adicionalmente, cuando el proceso de contratación es estructurado por precios unitarios, la Entidad debe aplicar las notas 1, 2 y 3 del presente formulario y las casillas de "Descripción", "Porcentaje" de la Administración, Imprevisto, Utilidad y total A.I.U. resaltadas en color amarillo. Tratándose de otras modalidades de precio, la Entidad puede o no configurar los mismos aspectos.
C11: Nº | D11: ÍTEM DE PAGO | E11: ESPECIFICACIONES | G11: DESCRIPCIÓN | H11: UND. | I11: CANTIDAD | J11: VALOR UNITARIO | K11: VALOR TOTAL
E12: GENERAL | F12: PARTICULAR
D13: 1 | G13: ADECUACION POLIDEPORTIVO
D14: 1.1 | G14: TUBO CUADRADO 10 x 10 cm | H14: mL | I14: 30 | J14: 55000 | K14: =+J14*I14 -> 1650000
D15: 1.2 | G15: ANCLAJE DE TUBO DE 10 X 10 cm EN CONCRETO Y ACERO | H15: und | I15: 14 | J15: 50000 | K15: =+J15*I15 -> 700000
D16: 1.3 | G16: ENTRAMADO METAL | H16: m2 | I16: 60 | J16: 80000 | K16: =+J16*I16 -> 4800000
D17: 1.4 | G17: HOJAS TRAPEZAOIDALES | H17: m2 | I17: 60 | J17: 65000 | K17: =+J17*I17 -> 3900000
D18: 1.5 | G18: SUMINISTRO E INSTALACION DE REFLECTORES 200W | H18: und | I18: 6 | J18: 120000 | K18: =+J18*I18 -> 720000
D19: 1.6 | G19: DESMONTE E INSTALACION DE TABLEROS | H19: und | I19: 2 | J19: 120000 | K19: =+J19*I19 -> 240000
D20: 1.7 | G20: ESMALTE LINEA DE DEMARCACION | H20: mL | I20: 250 | J20: 2300 | K20: =+J20*I20 -> 575000
D21: 1.8 | G21: VINILO TIPO 1 2M GRADERIAS | H21: m2 | I21: 55 | J21: 9000 | K21: =+J21*I21 -> 495000
C22: Subtotal | K22: =+SUM(K14:K21) -> 13080000
D23: 2 | G23: COLISEO
D24: 2.1 | G24: ALINEADO, REZANES, CHAPAS, VISAGRAS Y PINTURA PUERTA PRINCIPAL | H24: UND | I24: 1 | J24: 1800000 | K24: =+J24*I24 -> 1800000
D25: 2.2 | G25: ALINEADO, REZANES, CHAPAS, VISAGRAS Y PINTURA PUERTA POSTERIORES | H25: UND | I25: 2 | J25: 650000 | K25: =+J25*I25 -> 1300000
D26: 2.3 | G26: ESMALTE LAMINA LLENA PUERTAS | H26: m2 | I26: 42 | J26: 16500 | K26: =+J26*I26 -> 693000
D27: 2.4 | G27: CERRADURAS | H27: UND | I27: 7 | J27: 95000 | K27: =+J27*I27 -> 665000
D28: 2.5 | G28: VINILO TIPO 1, 2M GRADERIAS | H28: m2 | I28: 280 | J28: 9000 | K28: =+J28*I28 -> 2520000
D29: 2.6 | G29: ESMALTE MARCO METALICO 0,7 - 1,0 | H29: UND | I29: 12 | J29: 32000 | K29: =+J29*I29 -> 384000
D30: 2.7 | G30: ESMALTE VENTANA REJAS | H30: m2 | I30: 8 | J30: 28000 | K30: =+J30*I30 -> 224000
D31: 2.8 | G31: ESMALTE BARANDA TUBO 3 LINEAS + PARALES | H31: mL | I31: 112 | J31: 18300 | K31: =+J31*I31 -> 2049600
D32: 2.9 | G32: PLAFONES Y BOMBILLOS LED 100 W | H32: UND | I32: 4 | J32: 185000 | K32: =+J32*I32 -> 740000
D33: 2.10 | G33: SUMINISTRO E INSTALACION DE REFLECTORES 300W | H33: UND | I33: 3 | J33: 400000 | K33: =+J33*I33 -> 1200000
D34: 2.11 | G34: ESMALTE LINEA DE DEMARCACION | H34: UND | I34: 250 | J34: 2300 | K34: =+J34*I34 -> 575000
D35: 2.12 | G35: VINILO TIPO 1, 2M CANCHA SUPERFICIE BALDOSA | H35: UND | I35: 40 | J35: 10500 | K35: =+J35*I35 -> 420000
D36: 2.13 | G36: ARREGLO TUBERIA 4 ´´ Y 1/2 CON DEMOLICION Y REZANE INCLUIDO, PARA LA VIVIENDA DE LA INSTALACION | H36: GL | I36: 1 | J36: 600000 | K36: =+J36*I36 -> 600000
C37: Subtotal | K37: =+SUM(K24:K36) -> 13170600
D38: 3 | G38: CANCHA HECTOR URDINOLA
D39: 3.1 | G39: ESMALTE LINEA DE DEMARCACION | H39: mL | I39: 250 | J39: 2300 | K39: =+J39*I39 -> 575000
D40: 3.2 | G40: SUMINISTRO E INSTALACION MALLA CANCHA MICROFUTBOL | H40: JUEGO | I40: 1 | J40: 480000 | K40: =+J40*I40 -> 480000
C41: Subtotal | K41: =+SUM(K39:K40) -> 1055000
D42: 4 | G42: CANCHA ENSEGUIDA POLIDEPORTIVO
D43: 4.1 | G43: ESMALTE LINEA DE DEMARCACION | H43: mL | I43: 250 | J43: 2300 | K43: =+J43*I43 -> 575000
C44: Subtotal | K44: =+SUM(K43:K43) -> 575000
D45: 5 | G45: CANCHA MATECAÑA
D46: 5.1 | G46: SUMINISTRO E INSTALACION DE REFLECTORES 200W | H46: und | I46: 2 | J46: 120000 | K46: =+J46*I46 -> 240000
D47: 5.2 | G47: ESMALTE LINEA DE DEMARCACION | H47: mL | I47: 250 | J47: 2300 | K47: =+J47*I47 -> 575000
C48: Subtotal | K48: =+SUM(K46:K47) -> 815000
D49: 6 | G49: ADECUACION CANCHA DE MOTORISTAS
D50: 6.1 | G50: SUMINISTRO E INSTALACION DE BANCA SIN ESPALDAR concreto 3000 psi con acero de 3/8 | H50: UND | I50: 16 | J50: 310000 | K50: =+J50*I50 -> 4960000
D51: 6.2 | G51: ESMALTE LINEA DE DEMARCACION | H51: mL | I51: 250 | J51: 2300 | K51: =+J51*I51 -> 575000
D52: 6.3 | G52: DESMONTE E INSTALACION DE TABLEROS | H52: und | I52: 2 | J52: 120000 | K52: =+J52*I52 -> 240000
C53: Subtotal | K53: =+SUM(K50:K52) -> 5775000
C55: SUMA SUB-TOTALES | K55: =+K53+K48+K44+K41+K37+K22 -> 34470600
G57: ADMINISTRACION | J57: 0.27 | K57: =+K55*J57 -> 9307062
G58: IMPREVISTOS | J58: 0.01 | K58: =+K55*J58 -> 344706
G59: UTILIDAD | J59: 0.04 | K59: =+K55*J59 -> 1378824
G60: FACTOR DISTANCIA | J60: 0.1 | K60: =+K55*J60 -> 3447060
G61: VALOR TOTAL | K61: =+SUM(K55:K60) -> 48948252
C64: NOTA 1: Se debe tener en cuenta que el PRECIO UNITARIO incluye el valor de AIU. | H64: DESCRIPCION | K64: PORCENTAJE
C65: NOTA 2: Cuando la fracción decimal del peso sea igual o superior a 5 se aproximará por exceso al número entero siguiente del peso y cuando la fracción decimal del peso sea inferior a 5 se aproximará por defecto al número entero del peso. | H65: ADMINISTRACIÓN | J65: A= | K65: 0.27
C66: NOTA 3: El AIU y su discriminación deben estar en porcentaje (%). | H66: IMPREVISTO | J66: I= | K66: 0.01
H67: UTILIDAD | J67: U= | K67: 0.04
H68: TOTAL A.I.U | J68: A.I.U.= | K68: 0.32

Sheet APU 1.1
B1: Formulario 1 - Propuesta económica - Documento tipo de mínima cuantía de obra pública de infraestructura social
B2: Versión: 1 de 21 de agosto de 2025
C5: [La entidad podrá utilizar este formato para la presentación de los análisis de Precios Unitarios del Contratista en la oportunidad prevista en el numeral 8.2. de la invitación]
D8: MUNICIPIO DE EL DOVIO
L9: VERSIÓN
D10: [NÚMERO DEL PROCESO]
L11: PÁGINA | M11: 1 | N11: DE | O11: 1
D13: ANALISIS DE PRECIOS UNITARIOS
L15: FECHA | M15: DD | N15: MM | O15: AA
M16: 30 | N16: 9 | O16: 2026
C17: ÍTEMS DE LA PROPUESTA ECONÓMICA | I17: ÍTEMS NO PREVISTOS
C21: DATOS ESPECÍFICOS
C23: ÍTEM | D23: DESCRIPCIÓN | M23: UNIDAD | O23: CANTIDAD
C24: =+'PRESUPUESTO OFICIAL (Entidad)'!D14 -> 1.1 | D24: =+'PRESUPUESTO OFICIAL (Entidad)'!G14 -> TUBO CUADRADO 10 x 10 cm | M24: =+'PRESUPUESTO OFICIAL (Entidad)'!H14 -> mL | O24: =+'PRESUPUESTO OFICIAL (Entidad)'!I14 -> 30
C25: I. EQUIPO
C28: DESCRIPCIÓN | H28: MARCA | J28: TIPO | L28: TARIFA/HORA | M28: RENDIMIENTO | O28: Vr. UNITARIO
C29: TALADRO ELECTRICO | H29: STIHL | J29: PERCUTOR | L29: 7000 | M29: 0.02 | O29: =+M29*L29 -> 140
C30: HERRAMIENTA MENOR | H30: N/A | J30: MANUAL | L30: 5000 | M30: 0.05 | O30: =+M30*L30 -> 250
C31: SOLDADOR ELECTRICO | L31: 12000 | M31: 0.05 | O31: =+M31*L31 -> 600
C32: PULIDORA | L32: 8000 | M32: 0.04 | O32: =+M32*L32 -> 320
C33: SUBTOTAL $ | O33: =SUM(O29:O32) -> 1310
C34: II. MATERIALES
C37: DESCRIPCIÓN | K37: UNIDAD | L37: CANTIDAD | M37: PRECIO UNIT. | O37: Vr. UNITARIO
C38: TUBO ESTRUCTURAL 100X100 | K38: ML | L38: 1 | M38: 37000 | O38: =+M38*L38 -> 37000
C39: SOLDADURA | K39: KG | L39: 0.05 | M39: 15000 | O39: =+M39*L39 -> 750
C40: DISCO CORTE | K40: UND | L40: 0.025 | M40: 8000 | O40: =+M40*L40 -> 200
C41: ANTICORROSIVO | K41: L | L41: 0.025 | M41: 20000 | O41: =+M41*L41 -> 500
C42: SUBTOTAL $ | O42: =+SUM(O38:O41) -> 38450
C43: III. TRANSPORTES
C46: MATERIAL | J46: VOL. o PESO | K46: DISTANCIA | L46: M3 o Ton/Km | M46: TARIFA | O46: Vr. UNITARIO
C47: TRANSPORTE INTERNO DE MATERIALES | J47: 0.0065 | K47: 30 | L47: 0.195 | M47: 9000 | O47: =+M47*J47*K47 -> 1755
C49: SUBTOTAL $ | O49: =+O47 -> 1755
C50: IV. MANO DE OBRA
C53: TRABAJADOR | J53: JORNAL | K53: PRESTACIONES | L53: JORNAL TOTAL | M53: RENDIMIENTO | O53: Vr. UNITARIO
C54: OFICIAL DE CONSTRUCCION | J54: 90000 | K54: 54000 | L54: =+K54+J54 -> 144000 | M54: 0.05437 | O54: 7830
C55: AYUDANTE | J55: 65000 | K55: 39000 | L55: =+K55+J55 -> 104000 | M55: 0.05437 | O55: 5655
C58: SUBTOTAL $ | O58: =+SUM(O54:O57) -> 13485
C60: TOTAL COSTO DIRECTO $ | O60: =+O58+O49+O42+O33 -> 55000
C61: V. COSTOS INDIRECTOS
C64: Descripción | L64: Porcentaje | M64: Valor Total
C65: ADMINISTRACION | L65: 0.27 | M65: =+O60*L65 -> 14850
C66: IMPREVISTOS | L66: 0.01 | M66: =+O60*L66 -> 550
C67: UTILIDAD | L67: 0.04 | M67: =+O60*L67 -> 2200
C68: FACTOR DISTANCIA PARA EL DOVIO | L68: 0.1 | M68: =+O60*L68 -> 5500
C69: SUBTOTAL $ | O69: =+M65+M66+M67+M68 -> 23100
C71: Precio Unitario Total Aproximado al peso $ | O71: =+O69+O60 -> 78100
H75: Firma
H76: Nombre:
H77: Representante Legal del Contratista o su Apoderado
H78: Matricula No. :
C80: OBSERVACIONES INTERVENTORÍA O SUPERVISIÓN
C84: APROBACIÓN POR INTERVENTORÍA O SUPERVISIÓN
C85: Nota 1: Cuando se trate de Análisis de precios unitarios correspondientes a ítems de la propuesta económica aprobada, el interventor o supervisor aprueba el desglose de los componentes manteniendo el mismo precio unitario de cada ítem, cumpliendo con las especificaciones de construcción vigentes para el proyecto.
C87: Nota 2: Cuando se trate de Análisis de precios unitarios de ítems no previstos, el interventor o supervisor aprueba el desglose y precio unitario de cada ítem no previsto, exigiendo la aplicación de los costos correspondientes a insumos y tarifas de la propuesta económica inicial cuando estén contemplados, cumpliendo con las especificaciones de construcción vigente para el proyecto.
H90: Firma
H91: Nombre:
H92: Representante Legal del Interventor o su apoderado o firma del supervisor
H93: Matricula No. :

Sheet APU 1.2
B1: Formulario 1 - Propuesta económica - Documento tipo de mínima cuantía de obra pública de infraestructura social
B2: Versión: 1 de 21 de agosto de 2025
C5: [La entidad podrá utilizar este formato para la presentación de los análisis de Precios Unitarios del Contratista en la oportunidad prevista en el numeral 8.2. de la invitación]
D8: MUNICIPIO DE EL DOVIO
L9: VERSIÓN
D10: [NÚMERO DEL PROCESO]
L11: PÁGINA | M11: 1 | N11: DE | O11: 1
D13: ANALISIS DE PRECIOS UNITARIOS
L15: FECHA | M15: DD | N15: MM | O15: AA
M16: =+'APU 1.1'!M16 -> 30 | N16: =+'APU 1.1'!N16 -> 9 | O16: 2026
C17: ÍTEMS DE LA PROPUESTA ECONÓMICA | I17: ÍTEMS NO PREVISTOS
N20: =10000/8 -> 1250
C21: DATOS ESPECÍFICOS
C23: ÍTEM | D23: DESCRIPCIÓN | M23: UNIDAD | O23: CANTIDAD
C24: =+'PRESUPUESTO OFICIAL (Entidad)'!D15 -> 1.2 | D24: =+'PRESUPUESTO OFICIAL (Entidad)'!G15 -> ANCLAJE DE TUBO DE 10 X 10 cm EN CONCRETO Y ACERO | M24: =+'PRESUPUESTO OFICIAL (Entidad)'!H15 -> und | O24: =+'PRESUPUESTO OFICIAL (Entidad)'!I15 -> 14
C25: I. EQUIPO
C28: DESCRIPCIÓN | H28: MARCA | J28: TIPO | L28: TARIFA/HORA | M28: RENDIMIENTO | O28: Vr. UNITARIO
C29: ROTOMARTILLO | H29: DEWALT | J29: ELECTRICO | L29: 12000 | M29: 0.1 | O29: =+M29*L29 -> 1200
C30: SOLDADOR ELECTRICO | L30: 12000 | M30: 0.08 | O30: =+M30*L30 -> 960
C31: PULIDORA | L31: 8000 | M31: 0.05 | O31: =+M31*L31 -> 400
C32: HERRAMIENTA MENOR | L32: 5000 | M32: 0.08 | O32: =+M32*L32 -> 400
C33: SUBTOTAL $ | O33: =SUM(O29:O32) -> 2960
C34: II. MATERIALES
C37: DESCRIPCIÓN | K37: UNIDAD | L37: CANTIDAD | M37: PRECIO UNIT. | O37: Vr. UNITARIO
C38: PLATINA DE ACERO BASE | K38: UND | L38: 1 | M38: 10000 | O38: =+M38*L38 -> 10000
C39: PERNOS ANCLAJES PARA CONCRETO | K39: UND | L39: 4 | M39: 2500 | O39: =+M39*L39 -> 10000
C40: SOLDADURA | K40: KG | L40: 0.1 | M40: 15000 | O40: =+M40*L40 -> 1500
C41: BROCA Y CONSUMIBLES | K41: UND | L41: 0.1 | M41: 10000 | O41: =+M41*L41 -> 1000
C42: ANTICORROSIVO | K42: L | L42: 0.05 | M42: 20000 | O42: =+M42*L42 -> 1000
C43: SUBTOTAL $ | O43: =+SUM(O38:O42) -> 23500
C44: III. TRANSPORTES
C47: MATERIAL | J47: VOL. o PESO | K47: DISTANCIA | L47: M3 o Ton/Km | M47: TARIFA | O47: Vr. UNITARIO
C48: TRANSPORTE INTERNO DE MATERIALES | J48: 0.015 | K48: 20 | L48: 0.3 | M48: 5000 | O48: =+J48*K48*M48 -> 1500
C50: SUBTOTAL $ | O50: =+O48 -> 1500
C51: IV. MANO DE OBRA
C54: TRABAJADOR | J54: JORNAL | K54: PRESTACIONES | L54: JORNAL TOTAL | M54: RENDIMIENTO | O54: Vr. UNITARIO
C55: OFICIAL DE CONSTRUCCION | J55: 90000 | K55: 54000 | L55: =+K55+J55 -> 144000 | M55: 0.0889 | O55: 12801
C56: AYUDANTE | J56: 65000 | K56: 39000 | L56: =+K56+J56 -> 104000 | M56: 0.0889 | O56: 9239
C59: SUBTOTAL $ | O59: =+SUM(O55:O58) -> 22040
C61: TOTAL COSTO DIRECTO $ | O61: =+O59+O50+O43+O33 -> 50000
C62: V. COSTOS INDIRECTOS
C65: Descripción | L65: Porcentaje | M65: Valor Total
C66: ADMINISTRACION | L66: 0.27 | M66: =+O61*L66 -> 13500
C67: IMPREVISTOS | L67: 0.01 | M67: =+O61*L67 -> 500
C68: UTILIDAD | L68: 0.04 | M68: =+O61*L68 -> 2000
C69: FACTOR DISTANCIA PARA EL DOVIO | L69: 0.1 | M69: =+O61*L69 -> 5000
C70: SUBTOTAL $ | O70: =+M66+M67+M68+M69 -> 21000
C72: Precio Unitario Total Aproximado al peso $ | O72: =+O70+O61 -> 71000
H76: Firma
H77: Nombre:
H78: Representante Legal del Contratista o su Apoderado
H79: Matricula No. :
C81: OBSERVACIONES INTERVENTORÍA O SUPERVISIÓN
C85: APROBACIÓN POR INTERVENTORÍA O SUPERVISIÓN
C86: Nota 1: Cuando se trate de Análisis de precios unitarios correspondientes a ítems de la propuesta económica aprobada, el interventor o supervisor aprueba el desglose de los componentes manteniendo el mismo precio unitario de cada ítem, cumpliendo con las especificaciones de construcción vigentes para el proyecto.
C88: Nota 2: Cuando se trate de Análisis de precios unitarios de ítems no previstos, el interventor o supervisor aprueba el desglose y precio unitario de cada ítem no previsto, exigiendo la aplicación de los costos correspondientes a insumos y tarifas de la propuesta económica inicial cuando estén contemplados, cumpliendo con las especificaciones de construcción vigente para el proyecto.
H91: Firma
H92: Nombre:
H93: Representante Legal del Interventor o su apoderado o firma del supervisor
H94: Matricula No. :

Sheet APU 1.3
B1: Formulario 1 - Propuesta económica - Documento tipo de mínima cuantía de obra pública de infraestructura social
B2: Versión: 1 de 21 de agosto de 2025
C5: [La entidad podrá utilizar este formato para la presentación de los análisis de Precios Unitarios del Contratista en la oportunidad prevista en el numeral 8.2. de la invitación]
D8: MUNICIPIO DE EL DOVIO
L9: VERSIÓN
D10: [NÚMERO DEL PROCESO]
L11: PÁGINA | M11: 1 | N11: DE | O11: 1
D13: ANALISIS DE PRECIOS UNITARIOS
L15: FECHA | M15: DD | N15: MM | O15: AA
M16: =+'APU 1.1'!M16 -> 30 | N16: 9 | O16: 2026
C17: ÍTEMS DE LA PROPUESTA ECONÓMICA | I17: ÍTEMS NO PREVISTOS
N20: =10000/8 -> 1250
C21: DATOS ESPECÍFICOS
C23: ÍTEM | D23: DESCRIPCIÓN | M23: UNIDAD | O23: CANTIDAD
C24: =+'PRESUPUESTO OFICIAL (Entidad)'!D16 -> 1.3 | D24: =+'PRESUPUESTO OFICIAL (Entidad)'!G16 -> ENTRAMADO METAL | M24: =+'PRESUPUESTO OFICIAL (Entidad)'!H14 -> mL | O24: =+'PRESUPUESTO OFICIAL (Entidad)'!I16 -> 60
C25: I. EQUIPO
C28: DESCRIPCIÓN | H28: MARCA | J28: TIPO | L28: TARIFA/HORA | M28: RENDIMIENTO | O28: Vr. UNITARIO
C29: TALADRO ELECTRICO | H29: STIHL | J29: PERCUTOR | L29: 7000 | M29: 0.05 | O29: =+M29*L29 -> 350
C30: HERRAMIENTA MENOR | H30: N/A | J30: MANUAL | L30: 5000 | M30: 0.08 | O30: =+M30*L30 -> 400
C31: SOLDADOR ELECTRICO | L31: 12000 | M31: 0.1 | O31: =+M31*L31 -> 1200
C32: PULIDORA | L32: 8000 | M32: 0.08 | O32: =+M32*L32 -> 640
C34: SUBTOTAL $ | O34: =SUM(O29:O32) -> 2590
C35: II. MATERIALES
C38: DESCRIPCIÓN | K38: UNIDAD | L38: CANTIDAD | M38: PRECIO UNIT. | O38: Vr. UNITARIO
C39: PERFIL METALICO PARA ENTRAMADO | K39: ML | L39: 2 | M39: 21000 | O39: =+M39*L39 -> 42000
C40: SOLDADURA | K40: KG | L40: 0.1 | M40: 15000 | O40: =+M40*L40 -> 1500
C41: DISCO CORTE | K41: UNG | L41: 0.1 | M41: 8000 | O41: =+M41*L41 -> 800
C42: TORNILLOS | K42: GL | L42: 1 | M42: 2000 | O42: =+M42*L42 -> 2000
C43: ANTICORROSIVO | K43: L | L43: 0.1 | M43: 20000 | O43: =+M43*L43 -> 2000
C44: SUBTOTAL $ | O44: =+SUM(O39:O43) -> 48300
C45: III. TRANSPORTES
C48: MATERIAL | J48: VOL. o PESO | K48: DISTANCIA | L48: M3 o Ton/Km | M48: TARIFA | O48: Vr. UNITARIO
C49: TRANSPORTE INTERNO DE MATERIALES | J49: 0.012 | K49: 30 | L49: 0.36 | M49: 7500 | O49: =+M49*J49*K49 -> 2700
C51: SUBTOTAL $ | O51: =+O49 -> 2700
C52: IV. MANO DE OBRA
C55: TRABAJADOR | J55: JORNAL | K55: PRESTACIONES | L55: JORNAL TOTAL | M55: RENDIMIENTO | O55: Vr. UNITARIO
C56: OFICIAL DE CONSTRUCCION | J56: 90000 | K56: 54000 | L56: =+K56+J56 -> 144000 | M56: 0.10645 | O56: 15328
C57: AYUDANTE | J57: 65000 | K57: 39000 | L57: =+K57+J57 -> 104000 | M57: 0.10645 | O57: 11082
C60: SUBTOTAL $ | O60: =+SUM(O56:O59) -> 26410
C62: TOTAL COSTO DIRECTO $ | O62: =+O60+O51+O44+O34 -> 80000
C63: V. COSTOS INDIRECTOS
C66: Descripción | L66: Porcentaje | M66: Valor Total
C67: ADMINISTRACION | L67: 0.27 | M67: =+O62*L67 -> 21600
C68: IMPREVISTOS | L68: 0.01 | M68: =+O62*L68 -> 800
C69: UTILIDAD | L69: 0.04 | M69: =+O62*L69 -> 3200
C70: FACTOR DISTANCIA PARA EL DOVIO | L70: 0.1 | M70: =+O62*L70 -> 8000
C71: SUBTOTAL $ | O71: =+M67+M68+M69+M70 -> 33600
C73: Precio Unitario Total Aproximado al peso $ | O73: =+O71+O62 -> 113600
H77: Firma
H78: Nombre:
H79: Representante Legal del Contratista o su Apoderado
H80: Matricula No. :
C82: OBSERVACIONES INTERVENTORÍA O SUPERVISIÓN
C86: APROBACIÓN POR INTERVENTORÍA O SUPERVISIÓN
C87: Nota 1: Cuando se trate de Análisis de precios unitarios correspondientes a ítems de la propuesta económica aprobada, el interventor o supervisor aprueba el desglose de los componentes manteniendo el mismo precio unitario de cada ítem, cumpliendo con las especificaciones de construcción vigentes para el proyecto.
C89: Nota 2: Cuando se trate de Análisis de precios unitarios de ítems no previstos, el interventor o supervisor aprueba el desglose y precio unitario de cada ítem no previsto, exigiendo la aplicación de los costos correspondientes a insumos y tarifas de la propuesta económica inicial cuando estén contemplados, cumpliendo con las especificaciones de construcción vigente para el proyecto.
H92: Firma
H93: Nombre:
H94: Representante Legal del Interventor o su apoderado o firma del supervisor
H95: Matricula No. :

Sheet APU 1.4
B1: Formulario 1 - Propuesta económica - Documento tipo de mínima cuantía de obra pública de infraestructura social
B2: Versión: 1 de 21 de agosto de 2025
C5: [La entidad podrá utilizar este formato para la presentación de los análisis de Precios Unitarios del Contratista en la oportunidad prevista en el numeral 8.2. de la invitación]
D8: MUNICIPIO DE EL DOVIO
L9: VERSIÓN
D10: [NÚMERO DEL PROCESO]
L11: PÁGINA | M11: 1 | N11: DE | O11: 1
D13: ANALISIS DE PRECIOS UNITARIOS
L15: FECHA | M15: DD | N15: MM | O15: AA
M16: 30 | N16: 9 | O16: 2026
C17: ÍTEMS DE LA PROPUESTA ECONÓMICA | I17: ÍTEMS NO PREVISTOS
N20: =10000/8 -> 1250
C21: DATOS ESPECÍFICOS
C23: ÍTEM | D23: DESCRIPCIÓN | M23: UNIDAD | O23: CANTIDAD
C24: =+'PRESUPUESTO OFICIAL (Entidad)'!D17 -> 1.4 | D24: =+'PRESUPUESTO OFICIAL (Entidad)'!G17 -> HOJAS TRAPEZAOIDALES | M24: m2 | O24: =+'PRESUPUESTO OFICIAL (Entidad)'!I17 -> 60
C25: I. EQUIPO
C28: DESCRIPCIÓN | H28: MARCA | J28: TIPO | L28: TARIFA/HORA | M28: RENDIMIENTO | O28: Vr. UNITARIO
C29: TALADRO ATORNILLADOR | H29: DEWALT | J29: ELECTRICO | L29: 8000 | M29: 0.08 | O29: =+M29*L29 -> 640
C30: PULIDORA | H30: BROCHAS, BANDEJAS | L30: 8000 | M30: 0.04 | O30: =+M30*L30 -> 320
C31: EQUIPO DE ACCESO | J31: ESCALERA | L31: 10000 | M31: 0.08 | O31: =+M31*L31 -> 800
C32: HERRAMIENTA MENOR | J32: MANUAL | L32: 5000 | M32: 0.08 | O32: =+M32*L32 -> 400
C33: SUBTOTAL $ | O33: =SUM(O29:O32) -> 2160
C34: II. MATERIALES
C37: DESCRIPCIÓN | K37: UNIDAD | L37: CANTIDAD | M37: PRECIO UNIT. | O37: Vr. UNITARIO
C38: LAMINA TRAPEZOIDAL GALVANIZADA | K38: M2 | L38: 1.05 | M38: 39000 | O38: =+M38*L38 -> 40950
C39: TORNILLO AUTOPERFORANTE | K39: UNIDAD | L39: 6 | M39: 500 | O39: =+M39*L39 -> 3000
C40: SELLANTE PARA TRASLAPES | K40: UNIDAD | L40: 0.05 | M40: 20000 | O40: =+M40*L40 -> 1000
C41: ELEMENTOS MENORES | K41: GL | L41: 1 | M41: 550 | O41: =+M41*L41 -> 550
O42: =+M42*L42 -> 0
C43: SUBTOTAL $ | O43: =+SUM(O38:O42) -> 45500
C44: III. TRANSPORTES
C47: MATERIAL | J47: VOL. o PESO | K47: DISTANCIA | L47: M3 o Ton/Km | M47: TARIFA | O47: Vr. UNITARIO
C48: TRANSPORTE INTERNO DE MATERIALES | J48: 0.006 | K48: 30 | L48: 0.18 | M48: 10000 | O48: =+M48*J48*K48 -> 1800
C50: SUBTOTAL $ | O50: =+O48 -> 1800
C51: IV. MANO DE OBRA
C54: TRABAJADOR | J54: JORNAL | K54: PRESTACIONES | L54: JORNAL TOTAL | M54: RENDIMIENTO | O54: Vr. UNITARIO
C55: OFICIAL DE CONSTRUCCION | J55: 90000 | K55: =+J55*60% -> 54000 | L55: =+K55+J55 -> 144000 | M55: 0.06266 | O55: 9023
C56: AYUDANTE | J56: 65000 | K56: =+J56*60% -> 39000 | L56: =+K56+J56 -> 104000 | M56: 0.06266 | O56: 6517
C59: SUBTOTAL $ | O59: =+SUM(O55:O58) -> 15540
C61: TOTAL COSTO DIRECTO $ | O61: =+O59+O50+O43+O33 -> 65000
C62: V. COSTOS INDIRECTOS
C65: Descripción | L65: Porcentaje | M65: Valor Total
C66: ADMINISTRACION | L66: 0.27 | M66: =+O61*L66 -> 17550
C67: IMPREVISTOS | L67: 0.01 | M67: =+O61*L67 -> 650
C68: UTILIDAD | L68: 0.04 | M68: =+O61*L68 -> 2600
C69: FACTOR DISTANCIA PARA EL DOVIO | L69: 0.1 | M69: =+O61*L69 -> 6500
C70: SUBTOTAL $ | O70: =+M66+M67+M68+M69 -> 27300
C72: Precio Unitario Total Aproximado al peso $ | O72: =+O70+O61 -> 92300
H76: Firma
H77: Nombre:
H78: Representante Legal del Contratista o su Apoderado
H79: Matricula No. :
C81: OBSERVACIONES INTERVENTORÍA O SUPERVISIÓN
C85: APROBACIÓN POR INTERVENTORÍA O SUPERVISIÓN
C86: Nota 1: Cuando se trate de Análisis de precios unitarios correspondientes a ítems de la propuesta económica aprobada, el interventor o supervisor aprueba el desglose de los componentes manteniendo el mismo precio unitario de cada ítem, cumpliendo con las especificaciones de construcción vigentes para el proyecto.
C88: Nota 2: Cuando se trate de Análisis de precios unitarios de ítems no previstos, el interventor o supervisor aprueba el desglose y precio unitario de cada ítem no previsto, exigiendo la aplicación de los costos correspondientes a insumos y tarifas de la propuesta económica inicial cuando estén contemplados, cumpliendo con las especificaciones de construcción vigente para el proyecto.
H91: Firma
H92: Nombre:
H93: Representante Legal del Interventor o su apoderado o firma del supervisor
H94: Matricula No. :

Sheet APU 1.5
B1: Formulario 1 - Propuesta económica - Documento tipo de mínima cuantía de obra pública de infraestructura social
B2: Versión: 1 de 21 de agosto de 2025
C5: [La entidad podrá utilizar este formato para la presentación de los análisis de Precios Unitarios del Contratista en la oportunidad prevista en el numeral 8.2. de la invitación]
D8: MUNICIPIO DE EL DOVIO
L9: VERSIÓN
D10: [NÚMERO DEL PROCESO]
L11: PÁGINA | M11: 1 | N11: DE | O11: 1
D13: ANALISIS DE PRECIOS UNITARIOS
L15: FECHA | M15: DD | N15: MM | O15: AA
M16: 30 | N16: 9 | O16: 2026
C17: ÍTEMS DE LA PROPUESTA ECONÓMICA | I17: ÍTEMS NO PREVISTOS
N20: =10000/8 -> 1250
C21: DATOS ESPECÍFICOS
C23: ÍTEM | D23: DESCRIPCIÓN | M23: UNIDAD | O23: CANTIDAD
C24: =+'PRESUPUESTO OFICIAL (Entidad)'!D18 -> 1.5 | D24: =+'PRESUPUESTO OFICIAL (Entidad)'!G18 -> SUMINISTRO E INSTALACION DE REFLECTORES 200W | M24: und | O24: =+'PRESUPUESTO OFICIAL (Entidad)'!I18 -> 6
C25: I. EQUIPO
C28: DESCRIPCIÓN | H28: MARCA | J28: TIPO | L28: TARIFA/HORA | M28: RENDIMIENTO | O28: Vr. UNITARIO
C29: TALADRO PERCUTOR | H29: DEWALT | J29: ELECTRICO | L29: 8000 | M29: 0.1 | O29: =+M29*L29 -> 800
C30: ESCALERA | L30: 10000 | M30: 0.15 | O30: =+M30*L30 -> 1500
C31: MULTIMETRO | L31: 5000 | M31: 0.05 | O31: =+M31*L31 -> 250
C32: HERRAMIENTA MENOR | L32: 5000 | M32: 0.1 | O32: =+M32*L32 -> 500
C33: SUBTOTAL $ | O33: =SUM(O29:O32) -> 3050
C34: II. MATERIALES
C37: DESCRIPCIÓN | K37: UNIDAD | L37: CANTIDAD | M37: PRECIO UNIT. | O37: Vr. UNITARIO
C38: REFLECTOR LED 200 W | K38: UNIDAD | L38: 1 | M38: 82000 | O38: =+M38*L38 -> 82000
C39: CABLE ELECTRCO | K39: ML | L39: 2 | M39: 2000 | O39: =+M39*L39 -> 4000
C40: CONECTORES TERMINALES | K40: GL | L40: 1 | M40: 1000 | O40: =+M40*L40 -> 1000
C41: TORNILLOS CHAZOS | K41: GL | L41: 1 | M41: 1500 | O41: =+M41*L41 -> 1500
C42: CINTA AISLANTE | K42: GL | L42: 1 | M42: 500 | O42: =+M42*L42 -> 500
C43: SUBTOTAL $ | O43: =+SUM(O38:O42) -> 89000
C44: III. TRANSPORTES
C47: MATERIAL | J47: VOL. o PESO | K47: DISTANCIA | L47: M3 o Ton/Km | M47: TARIFA | O47: Vr. UNITARIO
C48: BLOQUE, CEMENTO Y ARENA | J48: 0.004 | K48: 30 | L48: 0.12 | M48: 10000 | O48: =+M48*J48*K48 -> 1200
C50: SUBTOTAL $ | O50: =+O48 -> 1200
C51: IV. MANO DE OBRA
C54: TRABAJADOR | J54: JORNAL | K54: PRESTACIONES | L54: JORNAL TOTAL | M54: RENDIMIENTO | O54: Vr. UNITARIO
C55: OFICIAL DE CONSTRUCCION | J55: 90000 | K55: =+J55*60% -> 54000 | L55: =+K55+J55 -> 144000 | M55: 0.108 | O55: =+L55*M55 -> 15552
C56: AYUDANTE | J56: 65000 | K56: =+J56*60% -> 39000 | L56: =+K56+J56 -> 104000 | M56: 0.108 | O56: 11198
C59: SUBTOTAL $ | O59: =+SUM(O55:O58) -> 26750
C61: TOTAL COSTO DIRECTO $ | O61: =+O59+O50+O43+O33 -> 120000
C62: V. COSTOS INDIRECTOS
C65: Descripción | L65: Porcentaje | M65: Valor Total
C66: ADMINISTRACION | L66: 0.27 | M66: =+O61*L66 -> 32400
C67: IMPREVISTOS | L67: 0.01 | M67: =+O61*L67 -> 1200
C68: UTILIDAD | L68: 0.04 | M68: =+O61*L68 -> 4800
C69: FACTOR DISTANCIA PARA EL DOVIO | L69: 0.1 | M69: =+O61*L69 -> 12000
C70: SUBTOTAL $ | O70: =+M66+M67+M68+M69 -> 50400
C72: Precio Unitario Total Aproximado al peso $ | O72: =+O70+O61 -> 170400
H76: Firma
H77: Nombre:
H78: Representante Legal del Contratista o su Apoderado
H79: Matricula No. :
C81: OBSERVACIONES INTERVENTORÍA O SUPERVISIÓN
C85: APROBACIÓN POR INTERVENTORÍA O SUPERVISIÓN
C86: Nota 1: Cuando se trate de Análisis de precios unitarios correspondientes a ítems de la propuesta económica aprobada, el interventor o supervisor aprueba el desglose de los componentes manteniendo el mismo precio unitario de cada ítem, cumpliendo con las especificaciones de construcción vigentes para el proyecto.
C88: Nota 2: Cuando se trate de Análisis de precios unitarios de ítems no previstos, el interventor o supervisor aprueba el desglose y precio unitario de cada ítem no previsto, exigiendo la aplicación de los costos correspondientes a insumos y tarifas de la propuesta económica inicial cuando estén contemplados, cumpliendo con las especificaciones de construcción vigente para el proyecto.
H91: Firma
H92: Nombre:
H93: Representante Legal del Interventor o su apoderado o firma del supervisor
H94: Matricula No. :

Sheet APU 1.6
B1: Formulario 1 - Propuesta económica - Documento tipo de mínima cuantía de obra pública de infraestructura social
B2: Versión: 1 de 21 de agosto de 2025
C5: [La entidad podrá utilizar este formato para la presentación de los análisis de Precios Unitarios del Contratista en la oportunidad prevista en el numeral 8.2. de la invitación]
D8: MUNICIPIO DE EL DOVIO
L9: VERSIÓN
D10: [NÚMERO DEL PROCESO]
L11: PÁGINA | M11: 1 | N11: DE | O11: 1
D13: ANALISIS DE PRECIOS UNITARIOS
L15: FECHA | M15: DD | N15: MM | O15: AA
M16: 30 | N16: 9 | O16: 2026
C17: ÍTEMS DE LA PROPUESTA ECONÓMICA | I17: ÍTEMS NO PREVISTOS
N20: =10000/8 -> 1250
C21: DATOS ESPECÍFICOS
C23: ÍTEM | D23: DESCRIPCIÓN | M23: UNIDAD | O23: CANTIDAD
C24: =+'PRESUPUESTO OFICIAL (Entidad)'!D19 -> 1.6 | D24: =+'PRESUPUESTO OFICIAL (Entidad)'!G19 -> DESMONTE E INSTALACION DE TABLEROS | M24: =+'PRESUPUESTO OFICIAL (Entidad)'!H19 -> und | O24: =+'PRESUPUESTO OFICIAL (Entidad)'!I19 -> 2
C25: I. EQUIPO
C28: DESCRIPCIÓN | H28: MARCA | J28: TIPO | L28: TARIFA/HORA | M28: RENDIMIENTO | O28: Vr. UNITARIO
C29: TALADRO ELECTRICO | H29: DEWALT | J29: ELECTRICO | L29: 10000 | M29: 0.2 | O29: =+M29*L29 -> 2000
C30: PULIDORA | L30: 8000 | M30: 0.15 | O30: =+M30*L30 -> 1200
C31: EQUIPO DE ACCESO | J31: ESCALERA | L31: 15000 | M31: 0.3 | O31: =+M31*L31 -> 4500
C32: HERRAMIENTA MENOR | L32: 6000 | M32: 0.25 | O32: =+M32*L32 -> 1500
C33: SUBTOTAL $ | O33: =SUM(O29:O32) -> 9200
C34: II. MATERIALES
C37: DESCRIPCIÓN | K37: UNIDAD | L37: CANTIDAD | M37: PRECIO UNIT. | O37: Vr. UNITARIO
C38: PERNOS Y TORNILLRIA | K38: GL, | L38: 1 | M38: 8000 | O38: =+M38*L38 -> 8000
C39: ARANDELAS Y TUERCAS | K39: GL, | L39: 1 | M39: 4000 | O39: =+M39*L39 -> 4000
C40: SOLDADURA | K40: KG | L40: 0.2 | M40: 15000 | O40: =+M40*L40 -> 3000
C41: ANTICORROSIVO | K41: L | L41: 0.15 | M41: 20000 | O41: =+M41*L41 -> 3000
C42: CONSUMIBLES | K42: GL, | L42: 1 | M42: 2000 | O42: =+M42*L42 -> 2000
O43: =+M43*L43 -> 0
C44: SUBTOTAL $ | O44: =+SUM(O38:O43) -> 20000
C45: III. TRANSPORTES
C48: MATERIAL | J48: VOL. o PESO | K48: DISTANCIA | L48: M3 o Ton/Km | M48: TARIFA | O48: Vr. UNITARIO
C49: TRASLADO TABLERO Y ELEMNTOS | J49: 0.04 | K49: 20 | L49: 0.8 | M49: 5000 | O49: =+M49*J49*K49 -> 4000
C51: SUBTOTAL $ | O51: =+O49 -> 4000
C52: IV. MANO DE OBRA
C55: TRABAJADOR | J55: JORNAL | K55: PRESTACIONES | L55: JORNAL TOTAL | M55: RENDIMIENTO | O55: Vr. UNITARIO
C56: OFICIAL DE CONSTRUCCION | J56: 90000 | K56: =+J56*60% -> 54000 | L56: =+K56+J56 -> 144000 | M56: 0.3508 | O56: 50515
C57: AYUDANTE | J57: 65000 | K57: =+J57*60% -> 39000 | L57: =+K57+J57 -> 104000 | M57: 0.3489 | O57: 36285
C60: SUBTOTAL $ | O60: =+SUM(O56:O59) -> 86800
C62: TOTAL COSTO DIRECTO $ | O62: =+O60+O51+O44+O33 -> 120000
C63: V. COSTOS INDIRECTOS
C66: Descripción | L66: Porcentaje | M66: Valor Total
C67: ADMINISTRACION | L67: 0.27 | M67: =+O62*L67 -> 32400
C68: IMPREVISTOS | L68: 0.01 | M68: =+O62*L68 -> 1200
C69: UTILIDAD | L69: 0.04 | M69: =+O62*L69 -> 4800
C70: FACTOR DISTANCIA PARA EL DOVIO | L70: 0.1 | M70: =+O62*L70 -> 12000
C71: SUBTOTAL $ | O71: =+M67+M68+M69+M70 -> 50400
C73: Precio Unitario Total Aproximado al peso $ | O73: =+O71+O62 -> 170400
H77: Firma
H78: Nombre:
H79: Representante Legal del Contratista o su Apoderado
H80: Matricula No. :
C82: OBSERVACIONES INTERVENTORÍA O SUPERVISIÓN
C86: APROBACIÓN POR INTERVENTORÍA O SUPERVISIÓN
C87: Nota 1: Cuando se trate de Análisis de precios unitarios correspondientes a ítems de la propuesta económica aprobada, el interventor o supervisor aprueba el desglose de los componentes manteniendo el mismo precio unitario de cada ítem, cumpliendo con las especificaciones de construcción vigentes para el proyecto.
C89: Nota 2: Cuando se trate de Análisis de precios unitarios de ítems no previstos, el interventor o supervisor aprueba el desglose y precio unitario de cada ítem no previsto, exigiendo la aplicación de los costos correspondientes a insumos y tarifas de la propuesta económica inicial cuando estén contemplados, cumpliendo con las especificaciones de construcción vigente para el proyecto.
H92: Firma
H93: Nombre:
H94: Representante Legal del Interventor o su apoderado o firma del supervisor
H95: Matricula No. :

Sheet APU 1.7
B1: Formulario 1 - Propuesta económica - Documento tipo de mínima cuantía de obra pública de infraestructura social
B2: Versión: 1 de 21 de agosto de 2025
C5: [La entidad podrá utilizar este formato para la presentación de los análisis de Precios Unitarios del Contratista en la oportunidad prevista en el numeral 8.2. de la invitación]
D8: MUNICIPIO DE EL DOVIO
L9: VERSIÓN
D10: [NÚMERO DEL PROCESO]
L11: PÁGINA | M11: 1 | N11: DE | O11: 1
D13: ANALISIS DE PRECIOS UNITARIOS
L15: FECHA | M15: DD | N15: MM | O15: AA
M16: =+'APU 1.1'!M16 -> 30 | N16: =+'APU 1.1'!N16 -> 9 | O16: 2026
C17: ÍTEMS DE LA PROPUESTA ECONÓMICA | I17: ÍTEMS NO PREVISTOS
N20: =10000/8 -> 1250
C21: DATOS ESPECÍFICOS
C23: ÍTEM | D23: DESCRIPCIÓN | M23: UNIDAD | O23: CANTIDAD
C24: 1.7 | D24: =+'PRESUPUESTO OFICIAL (Entidad)'!G20 -> ESMALTE LINEA DE DEMARCACION | M24: =+'PRESUPUESTO OFICIAL (Entidad)'!H20 -> mL | O24: =+'PRESUPUESTO OFICIAL (Entidad)'!I20 -> 250
C25: I. EQUIPO
C28: DESCRIPCIÓN | H28: MARCA | J28: TIPO | L28: TARIFA/HORA | M28: RENDIMIENTO | O28: Vr. UNITARIO
C29: EQUIPO DE PINTURA | J29: RODILLO BROCHA | L29: 4000 | M29: 0.03 | O29: =+M29*L29 -> 120
C30: HERRAMIENTA MENOR | J30: BANDEJA | L30: 3000 | M30: 0.02 | O30: =+M30*L30 -> 60
C32: SUBTOTAL $ | O32: =SUM(O29:O31) -> 180
C33: II. MATERIALES
C36: DESCRIPCIÓN | K36: UNIDAD | L36: CANTIDAD | M36: PRECIO UNIT. | O36: Vr. UNITARIO
C37: ESMALTE | K37: L | L37: 0.05 | M37: 18000 | O37: =+M37*L37 -> 900
C38: DISOLVENTE | K38: L | L38: 0.01 | M38: 12000 | O38: =+M38*L38 -> 120
C39: LIJA Y CONSUMIBLES | K39: GL | L39: 1 | M39: 100 | O39: =+M39*L39 -> 100
O40: =+M40*L40 -> 0
O41: =+M41*L41 -> 0
O42: =+M42*L42 -> 0
C43: SUBTOTAL $ | O43: =+SUM(O37:O42) -> 1120
C44: III. TRANSPORTES
C47: MATERIAL | J47: VOL. o PESO | K47: DISTANCIA | L47: M3 o Ton/Km | M47: TARIFA | O47: Vr. UNITARIO
C48: PINTURAS Y ACCESORIOS | J48: 0.001 | K48: 20 | L48: 0.02 | M48: 5000 | O48: =+M48*J48*K48 -> 100
C50: SUBTOTAL $ | O50: =+O48 -> 100
C51: IV. MANO DE OBRA
C54: TRABAJADOR | J54: JORNAL | K54: PRESTACIONES | L54: JORNAL TOTAL | M54: RENDIMIENTO | O54: Vr. UNITARIO
C55: OFICIAL DE CONSTRUCCION | J55: 90000 | K55: =+J55*60% -> 54000 | L55: =+K55+J55 -> 144000 | M55: 0.0036 | O55: =+L55*M55 -> 518.4
C56: AYUDANTE | J56: 65000 | K56: =+J56*60% -> 39000 | L56: =+K56+J56 -> 104000 | M56: 0.00367 | O56: 381.6
C59: SUBTOTAL $ | O59: =+SUM(O55:O58) -> 900
C61: TOTAL COSTO DIRECTO $ | O61: =+O59+O50+O43+O32 -> 2300
C62: V. COSTOS INDIRECTOS
C65: Descripción | L65: Porcentaje | M65: Valor Total
C66: ADMINISTRACION | L66: 0.27 | M66: =+O61*L66 -> 621
C67: IMPREVISTOS | L67: 0.01 | M67: =+O61*L67 -> 23
C68: UTILIDAD | L68: 0.04 | M68: =+O61*L68 -> 92
C69: FACTOR DISTANCIA PARA EL DOVIO | L69: 0.1 | M69: =+O61*L69 -> 230
C70: SUBTOTAL $ | O70: =+M66+M67+M68+M69 -> 966
C72: Precio Unitario Total Aproximado al peso $ | O72: =+O70+O61 -> 3266
H76: Firma
H77: Nombre:
H78: Representante Legal del Contratista o su Apoderado
H79: Matricula No. :
C81: OBSERVACIONES INTERVENTORÍA O SUPERVISIÓN
C85: APROBACIÓN POR INTERVENTORÍA O SUPERVISIÓN
C86: Nota 1: Cuando se trate de Análisis de precios unitarios correspondientes a ítems de la propuesta económica aprobada, el interventor o supervisor aprueba el desglose de los componentes manteniendo el mismo precio unitario de cada ítem, cumpliendo con las especificaciones de construcción vigentes para el proyecto.
C88: Nota 2: Cuando se trate de Análisis de precios unitarios de ítems no previstos, el interventor o supervisor aprueba el desglose y precio unitario de cada ítem no previsto, exigiendo la aplicación de los costos correspondientes a insumos y tarifas de la propuesta económica inicial cuando estén contemplados, cumpliendo con las especificaciones de construcción vigente para el proyecto.
H91: Firma
H92: Nombre:
H93: Representante Legal del Interventor o su apoderado o firma del supervisor
H94: Matricula No. :

Sheet APU 1.8
B1: Formulario 1 - Propuesta económica - Documento tipo de mínima cuantía de obra pública de infraestructura social
B2: Versión: 1 de 21 de agosto de 2025
C5: [La entidad podrá utilizar este formato para la presentación de los análisis de Precios Unitarios del Contratista en la oportunidad prevista en el numeral 8.2. de la invitación]
D8: MUNICIPIO DE EL DOVIO
L9: VERSIÓN
D10: [NÚMERO DEL PROCESO]
L11: PÁGINA | M11: 1 | N11: DE | O11: 1
D13: ANALISIS DE PRECIOS UNITARIOS
L15: FECHA | M15: DD | N15: MM | O15: AA
M16: =+'APU 1.1'!M16 -> 30 | N16: =+'APU 1.1'!N16 -> 9 | O16: 2026
C17: ÍTEMS DE LA PROPUESTA ECONÓMICA | I17: ÍTEMS NO PREVISTOS
N20: =10000/8 -> 1250
C21: DATOS ESPECÍFICOS
C23: ÍTEM | D23: DESCRIPCIÓN | M23: UNIDAD | O23: CANTIDAD
C24: 1.8 | D24: =+'PRESUPUESTO OFICIAL (Entidad)'!G21 -> VINILO TIPO 1 2M GRADERIAS | M24: =+'PRESUPUESTO OFICIAL (Entidad)'!H21 -> m2 | O24: =+'PRESUPUESTO OFICIAL (Entidad)'!I21 -> 55
C25: I. EQUIPO
C28: DESCRIPCIÓN | H28: MARCA | J28: TIPO | L28: TARIFA/HORA | M28: RENDIMIENTO | O28: Vr. UNITARIO
C29: EQUIPO DE PINTURA | J29: RODILLO Y BROCHA | L29: 5000 | M29: 0.04 | O29: =+M29*L29 -> 200
C30: HERRAMIENTA MENOR | J30: ESPATULA BANDEJA | L30: 4000 | M30: 0.05 | O30: =+M30*L30 -> 200
C31: ESCALERA | J31: TIPO INDUSTRIAL | L31: 6000 | M31: 0.05 | O31: =+M31*L31 -> 300
C33: SUBTOTAL $ | O33: =SUM(O29:O32) -> 700
C34: II. MATERIALES
C37: DESCRIPCIÓN | K37: UNIDAD | L37: CANTIDAD | M37: PRECIO UNIT. | O37: Vr. UNITARIO
C38: VINILO TIPO 1 | K38: GAL | L38: 0.06 | M38: 65000 | O38: =+M38*L38 -> 3900
C39: ESTUCO/MASILLA | K39: KG | L39: 0.1 | M39: 3000 | O39: =+M39*L39 -> 300
C40: LIJA | K40: UND | L40: 0.1 | M40: 2000 | O40: =+M40*L40 -> 200
C41: CONSUMIBLE DE PINTURA | K41: GL | L41: 1 | M41: 200 | O41: =+M41*L41 -> 200
C45: SELLADOR PARA JUNTAS | O45: =+SUM(O38:O44) -> 4600
C46: III. TRANSPORTES
C49: MATERIAL | J49: VOL. o PESO | K49: DISTANCIA | L49: M3 o Ton/Km | M49: TARIFA | O49: Vr. UNITARIO
C50: TRANSPORTE PINTURA Y MATERIALES | J50: 0.003 | K50: 20 | L50: 0.06 | M50: 5000 | O50: =+M50*J50*K50 -> 300
C52: SUBTOTAL $ | O52: =+O50 -> 300
C53: IV. MANO DE OBRA
C56: TRABAJADOR | J56: JORNAL | K56: PRESTACIONES | L56: JORNAL TOTAL | M56: RENDIMIENTO | O56: Vr. UNITARIO
C57: OFICIAL DE CONSTRUCCION | J57: 90000 | K57: =+J57*60% -> 54000 | L57: =+K57+J57 -> 144000 | M57: 0.00806 | O57: 1160
C58: AYUDANTE | J58: 65000 | K58: =+J58*60% -> 39000 | L58: =+K58+J58 -> 104000 | M58: 0.02153 | O58: 2240
C61: SUBTOTAL $ | O61: =+SUM(O57:O60) -> 3400
C63: TOTAL COSTO DIRECTO $ | O63: =+O61+O52+O45+O33 -> 9000
C64: V. COSTOS INDIRECTOS
C67: Descripción | L67: Porcentaje | M67: Valor Total
C68: ADMINISTRACION | L68: 0.27 | M68: =+O63*L68 -> 2430
C69: IMPREVISTOS | L69: 0.01 | M69: =+O63*L69 -> 90
C70: UTILIDAD | L70: 0.04 | M70: =+O63*L70 -> 360
C71: FACTOR DISTANCIA PARA EL DOVIO | L71: 0.1 | M71: =+O63*L71 -> 900
C72: SUBTOTAL $ | O72: =+M68+M69+M70+M71 -> 3780
C74: Precio Unitario Total Aproximado al peso $ | O74: =+O72+O63 -> 12780
H78: Firma
H79: Nombre:
H80: Representante Legal del Contratista o su Apoderado
H81: Matricula No. :
C83: OBSERVACIONES INTERVENTORÍA O SUPERVISIÓN
C87: APROBACIÓN POR INTERVENTORÍA O SUPERVISIÓN
C88: Nota 1: Cuando se trate de Análisis de precios unitarios correspondientes a ítems de la propuesta económica aprobada, el interventor o supervisor aprueba el desglose de los componentes manteniendo el mismo precio unitario de cada ítem, cumpliendo con las especificaciones de construcción vigentes para el proyecto.
C90: Nota 2: Cuando se trate de Análisis de precios unitarios de ítems no previstos, el interventor o supervisor aprueba el desglose y precio unitario de cada ítem no previsto, exigiendo la aplicación de los costos correspondientes a insumos y tarifas de la propuesta económica inicial cuando estén contemplados, cumpliendo con las especificaciones de construcción vigente para el proyecto.
H93: Firma
H94: Nombre:
H95: Representante Legal del Interventor o su apoderado o firma del supervisor
H96: Matricula No. :

Sheet APU 2,1
B1: Formulario 1 - Propuesta económica - Documento tipo de mínima cuantía de obra pública de infraestructura social
B2: Versión: 1 de 21 de agosto de 2025
C5: [La entidad podrá utilizar este formato para la presentación de los análisis de Precios Unitarios del Contratista en la oportunidad prevista en el numeral 8.2. de la invitación]
D8: MUNICIPIO DE EL DOVIO
L9: VERSIÓN
D10: [NÚMERO DEL PROCESO]
L11: PÁGINA | M11: 1 | N11: DE | O11: 1
D13: ANALISIS DE PRECIOS UNITARIOS
L15: FECHA | M15: DD | N15: MM | O15: AA
M16: =+'APU 1.1'!M16 -> 30 | N16: =+'APU 1.1'!N16 -> 9 | O16: 2026
C17: ÍTEMS DE LA PROPUESTA ECONÓMICA | I17: ÍTEMS NO PREVISTOS
N20: =10000/8 -> 1250
C21: DATOS ESPECÍFICOS
C23: ÍTEM | D23: DESCRIPCIÓN | M23: UNIDAD | O23: CANTIDAD
C24: =+'PRESUPUESTO OFICIAL (Entidad)'!D24 -> 2.1 | D24: =+'PRESUPUESTO OFICIAL (Entidad)'!G24 -> ALINEADO, REZANES, CHAPAS, VISAGRAS Y PINTURA PUERTA PRINCIPAL | M24: =+'PRESUPUESTO OFICIAL (Entidad)'!H24 -> UND | O24: =+'PRESUPUESTO OFICIAL (Entidad)'!I24 -> 1
C25: I. EQUIPO
C28: DESCRIPCIÓN | H28: MARCA | J28: TIPO | L28: TARIFA/HORA | M28: RENDIMIENTO | O28: Vr. UNITARIO
C29: EQUIPO DE SOLDADURA | J29: ELECTRICO | L29: 15000 | M29: 3 | O29: =+M29*L29 -> 45000
C30: PULIDORA | L30: 10000 | M30: 2 | O30: =+M30*L30 -> 20000
C31: TALADRO/ROTOMARTILLO | L31: 10000 | M31: 1.5 | O31: =+M31*L31 -> 15000
C32: EQUI´PO DE PINTURA | L32: 15000 | M32: 2 | O32: =+M32*L32 -> 30000
C33: HERRAMIENTA MENOR | L33: 10000 | M33: 2 | O33: =+M33*L33 -> 20000
C34: SUBTOTAL $ | O34: =SUM(O29:O33) -> 130000
C35: II. MATERIALES
C38: DESCRIPCIÓN | K38: UNIDAD | L38: CANTIDAD | M38: PRECIO UNIT. | O38: Vr. UNITARIO
C39: CHAPA PARA PUERTA METALICA | K39: UNIDAD | L39: 2 | M39: 110000 | O39: =+M39*L39 -> 220000
C40: BISAGRA REFORZADAMETALICA | K40: UNIDAD | L40: 6 | M40: 35000 | O40: =+M40*L40 -> 210000
C41: PERFIL/ACERO PARA REFUERZOY ALINEACION | K41: GL | L41: 1 | M41: 120000 | O41: =+M41*L41 -> 120000
C42: SOLDADURA | K42: KG | L42: 3 | M42: 18000 | O42: =+M42*L42 -> 54000
C43: MASILLA/ RESANE PARA METAL | K43: GL | L43: 1 | M43: 50000 | O43: =+M43*L43 -> 50000
C44: ANTICORROSIVO | K44: GAL | L44: 1 | M44: 100000 | O44: =+M44*L44 -> 100000
C45: ESMALTE PARA ACABDO | K45: GAL | L45: 1 | M45: 130000 | O45: =+M45*L45 -> 130000
C46: THINES, LIJAS Y CONSUMIBLES | K46: GL | L46: 1 | M46: 46000 | O46: =+M46*L46 -> 46000
O47: =+M47*L47 -> 0
C48: SUBTOTAL $ | O48: =+SUM(O39:O46) -> 930000
C49: III. TRANSPORTES
C52: MATERIAL | J52: VOL. o PESO | K52: DISTANCIA | L52: M3 o Ton/Km | M52: TARIFA | O52: Vr. UNITARIO
C53: TRANSPORTE DE MATERIALES Y EQUIPOS | J53: 0.1 | K53: 30 | L53: 3 | M53: 20000 | O53: =+M53*K53*J53 -> 60000
C55: SUBTOTAL $ | O55: =+O53 -> 60000
C56: IV. MANO DE OBRA
C59: TRABAJADOR | J59: JORNAL | K59: PRESTACIONES | L59: JORNAL TOTAL | M59: RENDIMIENTO | O59: Vr. UNITARIO
C60: OFICIAL DE CONSTRUCCION | J60: 100000 | K60: =+J60*60% -> 60000 | L60: =+K60+J60 -> 160000 | M60: 2.5 | O60: =+M60*L60 -> 400000
C61: AYUDANTE | J61: 70000 | K61: =+J61*60% -> 42000 | L61: =+K61+J61 -> 112000 | M61: 2.5 | O61: =+M61*L61 -> 280000
C64: SUBTOTAL $ | O64: =+SUM(O60:O63) -> 680000
C66: TOTAL COSTO DIRECTO $ | O66: =+O64+O55+O48+O34 -> 1800000
C67: V. COSTOS INDIRECTOS
C70: Descripción | L70: Porcentaje | M70: Valor Total
C71: ADMINISTRACION | L71: 0.27 | M71: =+O66*L71 -> 486000
C72: IMPREVISTOS | L72: 0.01 | M72: =+O66*L72 -> 18000
C73: UTILIDAD | L73: 0.04 | M73: =+O66*L73 -> 72000
C74: FACTOR DISTANCIA PARA EL DOVIO | L74: 0.1 | M74: =+O66*L74 -> 180000
C75: SUBTOTAL $ | O75: =+M71+M72+M73+M74 -> 756000
C77: Precio Unitario Total Aproximado al peso $ | O77: =+O75+O66 -> 2556000
H81: Firma
H82: Nombre:
H83: Representante Legal del Contratista o su Apoderado
H84: Matricula No. :
C86: OBSERVACIONES INTERVENTORÍA O SUPERVISIÓN
C90: APROBACIÓN POR INTERVENTORÍA O SUPERVISIÓN
C91: Nota 1: Cuando se trate de Análisis de precios unitarios correspondientes a ítems de la propuesta económica aprobada, el interventor o supervisor aprueba el desglose de los componentes manteniendo el mismo precio unitario de cada ítem, cumpliendo con las especificaciones de construcción vigentes para el proyecto.
C93: Nota 2: Cuando se trate de Análisis de precios unitarios de ítems no previstos, el interventor o supervisor aprueba el desglose y precio unitario de cada ítem no previsto, exigiendo la aplicación de los costos correspondientes a insumos y tarifas de la propuesta económica inicial cuando estén contemplados, cumpliendo con las especificaciones de construcción vigente para el proyecto.
H96: Firma
H97: Nombre:
H98: Representante Legal del Interventor o su apoderado o firma del supervisor
H99: Matricula No. :

Sheet APU 2,2
B1: Formulario 1 - Propuesta económica - Documento tipo de mínima cuantía de obra pública de infraestructura social
B2: Versión: 1 de 21 de agosto de 2025
C5: [La entidad podrá utilizar este formato para la presentación de los análisis de Precios Unitarios del Contratista en la oportunidad prevista en el numeral 8.2. de la invitación]
D8: MUNICIPIO DE EL DOVIO
L9: VERSIÓN
D10: [NÚMERO DEL PROCESO]
L11: PÁGINA | M11: 1 | N11: DE | O11: 1
D13: ANALISIS DE PRECIOS UNITARIOS
L15: FECHA | M15: DD | N15: MM | O15: AA
M16: =+'APU 1.1'!M16 -> 30 | N16: =+'APU 1.1'!N16 -> 9 | O16: 2026
C17: ÍTEMS DE LA PROPUESTA ECONÓMICA | I17: ÍTEMS NO PREVISTOS
N20: =10000/8 -> 1250
C21: DATOS ESPECÍFICOS
C23: ÍTEM | D23: DESCRIPCIÓN | M23: UNIDAD | O23: CANTIDAD
C24: =+'PRESUPUESTO OFICIAL (Entidad)'!D25 -> 2.2 | D24: =+'PRESUPUESTO OFICIAL (Entidad)'!G25 -> ALINEADO, REZANES, CHAPAS, VISAGRAS Y PINTURA PUERTA POSTERIORES | M24: =+'PRESUPUESTO OFICIAL (Entidad)'!H25 -> UND | O24: =+'PRESUPUESTO OFICIAL (Entidad)'!I25 -> 2
C25: I. EQUIPO
C28: DESCRIPCIÓN | H28: MARCA | J28: TIPO | L28: TARIFA/HORA | M28: RENDIMIENTO | O28: Vr. UNITARIO
C29: EQUIPO DE SOLDADURA | J29: ELECTRICO | L29: 15000 | M29: 1.5 | O29: =+M29*L29 -> 22500
C30: PULIDORA | L30: 10000 | M30: 1 | O30: =+M30*L30 -> 10000
C31: TALADRO/ROTOMARTILLO | L31: 10000 | M31: 0.5 | O31: =+M31*L31 -> 5000
C32: EQUI´PO DE PINTURA | L32: 12000 | M32: 0.75 | O32: =+M32*L32 -> 9000
C33: HERRAMIENTA MENOR | L33: 7000 | M33: 0.5 | O33: =+M33*L33 -> 3500
C34: SUBTOTAL $ | O34: =SUM(O29:O33) -> 50000
C35: II. MATERIALES
C38: DESCRIPCIÓN | K38: UNIDAD | L38: CANTIDAD | M38: PRECIO UNIT. | O38: Vr. UNITARIO
C39: CHAPA PARA PUERTA METALICA | K39: UNIDAD | L39: 1 | M39: 90000 | O39: =+M39*L39 -> 90000
C40: BISAGRA REFORZADAMETALICA | K40: UNIDAD | L40: 3 | M40: 25000 | O40: =+M40*L40 -> 75000
C41: PERFIL/ACERO PARA REFUERZOY ALINEACION | K41: GL | L41: 1 | M41: 55000 | O41: =+M41*L41 -> 55000
C42: SOLDADURA | K42: KG | L42: 1.5 | M42: 20000 | O42: =+M42*L42 -> 30000
C43: MASILLA/ RESANE PARA METAL | K43: GL | L43: 1 | M43: 20000 | O43: =+M43*L43 -> 20000
C44: ANTICORROSIVO | K44: GAL | L44: 0.5 | M44: 100000 | O44: =+M44*L44 -> 50000
C45: ESMALTE PARA ACABDO | K45: GAL | L45: 0.5 | M45: 120000 | O45: =+M45*L45 -> 60000
C46: THINES, LIJAS Y CONSUMIBLES | K46: GL | L46: 1 | M46: 20000 | O46: =+M46*L46 -> 20000
O47: =+M47*L47 -> 0
C48: SUBTOTAL $ | O48: =+SUM(O39:O46) -> 400000
C49: III. TRANSPORTES
C52: MATERIAL | J52: VOL. o PESO | K52: DISTANCIA | L52: M3 o Ton/Km | M52: TARIFA | O52: Vr. UNITARIO
C53: TRANSPORTE DE MATERIALES Y EQUIPOS | J53: 0.05 | K53: 20 | L53: 1 | M53: 20000 | O53: =+M53*K53*J53 -> 20000
C55: SUBTOTAL $ | O55: =+O53 -> 20000
C56: IV. MANO DE OBRA
C59: TRABAJADOR | J59: JORNAL | K59: PRESTACIONES | L59: JORNAL TOTAL | M59: RENDIMIENTO | O59: Vr. UNITARIO
C60: OFICIAL DE CONSTRUCCION | J60: 100000 | K60: =+J60*60% -> 60000 | L60: =+K60+J60 -> 160000 | M60: 0.662 | O60: 105900
C61: AYUDANTE | J61: 70000 | K61: =+J61*60% -> 42000 | L61: =+K61+J61 -> 112000 | M61: 0.662 | O61: 74100
C64: SUBTOTAL $ | O64: =+SUM(O60:O63) -> 180000
C66: TOTAL COSTO DIRECTO $ | O66: =+O64+O55+O48+O34 -> 650000
C67: V. COSTOS INDIRECTOS
C70: Descripción | L70: Porcentaje | M70: Valor Total
C71: ADMINISTRACION | L71: 0.27 | M71: =+O66*L71 -> 175500
C72: IMPREVISTOS | L72: 0.01 | M72: =+O66*L72 -> 6500
C73: UTILIDAD | L73: 0.04 | M73: =+O66*L73 -> 26000
C74: FACTOR DISTANCIA PARA EL DOVIO | L74: 0.1 | M74: =+O66*L74 -> 65000
C75: SUBTOTAL $ | O75: =+M71+M72+M73+M74 -> 273000
C77: Precio Unitario Total Aproximado al peso $ | O77: =+O75+O66 -> 923000
H81: Firma
H82: Nombre:
H83: Representante Legal del Contratista o su Apoderado
H84: Matricula No. :
C86: OBSERVACIONES INTERVENTORÍA O SUPERVISIÓN
C90: APROBACIÓN POR INTERVENTORÍA O SUPERVISIÓN
C91: Nota 1: Cuando se trate de Análisis de precios unitarios correspondientes a ítems de la propuesta económica aprobada, el interventor o supervisor aprueba el desglose de los componentes manteniendo el mismo precio unitario de cada ítem, cumpliendo con las especificaciones de construcción vigentes para el proyecto.
C93: Nota 2: Cuando se trate de Análisis de precios unitarios de ítems no previstos, el interventor o supervisor aprueba el desglose y precio unitario de cada ítem no previsto, exigiendo la aplicación de los costos correspondientes a insumos y tarifas de la propuesta económica inicial cuando estén contemplados, cumpliendo con las especificaciones de construcción vigente para el proyecto.
H96: Firma
H97: Nombre:
H98: Representante Legal del Interventor o su apoderado o firma del supervisor
H99: Matricula No. :

Sheet APU 2,3
B1: Formulario 1 - Propuesta económica - Documento tipo de mínima cuantía de obra pública de infraestructura social
B2: Versión: 1 de 21 de agosto de 2025
C5: [La entidad podrá utilizar este formato para la presentación de los análisis de Precios Unitarios del Contratista en la oportunidad prevista en el numeral 8.2. de la invitación]
D8: MUNICIPIO DE EL DOVIO
L9: VERSIÓN
D10: [NÚMERO DEL PROCESO]
L11: PÁGINA | M11: 1 | N11: DE | O11: 1
D13: ANALISIS DE PRECIOS UNITARIOS
L15: FECHA | M15: DD | N15: MM | O15: AA
M16: =+'APU 1.1'!M16 -> 30 | N16: =+'APU 1.1'!N16 -> 9 | O16: 2026
C17: ÍTEMS DE LA PROPUESTA ECONÓMICA | I17: ÍTEMS NO PREVISTOS
N20: =10000/8 -> 1250
C21: DATOS ESPECÍFICOS
C23: ÍTEM | D23: DESCRIPCIÓN | M23: UNIDAD | O23: CANTIDAD
C24: =+'PRESUPUESTO OFICIAL (Entidad)'!D26 -> 2.3 | D24: =+'PRESUPUESTO OFICIAL (Entidad)'!G26 -> ESMALTE LAMINA LLENA PUERTAS | M24: =+'PRESUPUESTO OFICIAL (Entidad)'!H26 -> m2 | O24: =+'PRESUPUESTO OFICIAL (Entidad)'!I26 -> 42
C25: I. EQUIPO
C28: DESCRIPCIÓN | H28: MARCA | J28: TIPO | L28: TARIFA/HORA | M28: RENDIMIENTO | O28: Vr. UNITARIO
C29: PULIDORA | L29: 8000 | M29: 0.05 | O29: =+M29*L29 -> 400
C30: EQUI´PO DE PINTURA | L30: 10000 | M30: 0.08 | O30: =+M30*L30 -> 800
C31: HERRAMIENTA MENOR | L31: 5000 | M31: 0.06 | O31: =+M31*L31 -> 300
C32: SUBTOTAL $ | O32: =SUM(O29:O31) -> 1500
C33: II. MATERIALES
C36: DESCRIPCIÓN | K36: UNIDAD | L36: CANTIDAD | M36: PRECIO UNIT. | O36: Vr. UNITARIO
C37: ESMALTE METAL | K37: GAL | L37: 0.06 | M37: 120000 | O37: =+M37*L37 -> 7200
C38: ANTICORROSIVO | K38: GAL | L38: 0.025 | M38: 100000 | O38: =+M38*L38 -> 2500
C39: THINNER | K39: L | L39: 0.05 | M39: 15000 | O39: =+M39*L39 -> 750
C40: LIJA PARA METAL | K40: UND | L40: 0.15 | M40: 2000 | O40: =+M40*L40 -> 300
C41: CONSUMIBLES | K41: GL | L41: 1 | M41: 250 | O41: =+M41*L41 -> 250
O42: =+M42*L42 -> 0
C43: SUBTOTAL $ | O43: =+SUM(O37:O41) -> 11000
C44: III. TRANSPORTES
C47: MATERIAL | J47: VOL. o PESO | K47: DISTANCIA | L47: M3 o Ton/Km | M47: TARIFA | O47: Vr. UNITARIO
C48: TRANSPORTE DE MATERIALES Y EQUIPOS | J48: 0.003 | K48: 20 | L48: 0.06 | M48: 5000 | O48: =+M48*K48*J48 -> 300
C50: SUBTOTAL $ | O50: =+O48 -> 300
C51: IV. MANO DE OBRA
C54: TRABAJADOR | J54: JORNAL | K54: PRESTACIONES | L54: JORNAL TOTAL | M54: RENDIMIENTO | O54: Vr. UNITARIO
C55: OFICIAL DE CONSTRUCCION | J55: 90000 | K55: =+J55*60% -> 54000 | L55: =+K55+J55 -> 144000 | M55: 0.015 | O55: =+M55*L55 -> 2160
C56: AYUDANTE | J56: 65000 | K56: =+J56*60% -> 39000 | L56: =+K56+J56 -> 104000 | M56: 0.0148 | O56: 1540
C59: SUBTOTAL $ | O59: =+SUM(O55:O58) -> 3700
C61: TOTAL COSTO DIRECTO $ | O61: =+O59+O50+O43+O32 -> 16500
C62: V. COSTOS INDIRECTOS
C65: Descripción | L65: Porcentaje | M65: Valor Total
C66: ADMINISTRACION | L66: 0.27 | M66: =+O61*L66 -> 4455
C67: IMPREVISTOS | L67: 0.01 | M67: =+O61*L67 -> 165
C68: UTILIDAD | L68: 0.04 | M68: =+O61*L68 -> 660
C69: FACTOR DISTANCIA PARA EL DOVIO | L69: 0.1 | M69: =+O61*L69 -> 1650
C70: SUBTOTAL $ | O70: =+M66+M67+M68+M69 -> 6930
C72: Precio Unitario Total Aproximado al peso $ | O72: =+O70+O61 -> 23430
H76: Firma
H77: Nombre:
H78: Representante Legal del Contratista o su Apoderado
H79: Matricula No. :
C81: OBSERVACIONES INTERVENTORÍA O SUPERVISIÓN
C85: APROBACIÓN POR INTERVENTORÍA O SUPERVISIÓN
C86: Nota 1: Cuando se trate de Análisis de precios unitarios correspondientes a ítems de la propuesta económica aprobada, el interventor o supervisor aprueba el desglose de los componentes manteniendo el mismo precio unitario de cada ítem, cumpliendo con las especificaciones de construcción vigentes para el proyecto.
C88: Nota 2: Cuando se trate de Análisis de precios unitarios de ítems no previstos, el interventor o supervisor aprueba el desglose y precio unitario de cada ítem no previsto, exigiendo la aplicación de los costos correspondientes a insumos y tarifas de la propuesta económica inicial cuando estén contemplados, cumpliendo con las especificaciones de construcción vigente para el proyecto.
H91: Firma
H92: Nombre:
H93: Representante Legal del Interventor o su apoderado o firma del supervisor
H94: Matricula No. :

Sheet APU 2,4
B1: Formulario 1 - Propuesta económica - Documento tipo de mínima cuantía de obra pública de infraestructura social
B2: Versión: 1 de 21 de agosto de 2025
C5: [La entidad podrá utilizar este formato para la presentación de los análisis de Precios Unitarios del Contratista en la oportunidad prevista en el numeral 8.2. de la invitación]
D8: MUNICIPIO DE EL DOVIO
L9: VERSIÓN
D10: [NÚMERO DEL PROCESO]
L11: PÁGINA | M11: 1 | N11: DE | O11: 1
D13: ANALISIS DE PRECIOS UNITARIOS
L15: FECHA | M15: DD | N15: MM | O15: AA
M16: =+'APU 1.1'!M16 -> 30 | N16: =+'APU 1.1'!N16 -> 9 | O16: 2026
C17: ÍTEMS DE LA PROPUESTA ECONÓMICA | I17: ÍTEMS NO PREVISTOS
N20: =10000/8 -> 1250
C21: DATOS ESPECÍFICOS
C23: ÍTEM | D23: DESCRIPCIÓN | M23: UNIDAD | O23: CANTIDAD
C24: =+'PRESUPUESTO OFICIAL (Entidad)'!D27 -> 2.4 | D24: =+'PRESUPUESTO OFICIAL (Entidad)'!G27 -> CERRADURAS | M24: =+'PRESUPUESTO OFICIAL (Entidad)'!H27 -> UND | O24: =+'PRESUPUESTO OFICIAL (Entidad)'!I27 -> 7
C25: I. EQUIPO
C28: DESCRIPCIÓN | H28: MARCA | J28: TIPO | L28: TARIFA/HORA | M28: RENDIMIENTO | O28: Vr. UNITARIO
C29: TALADTRO | L29: 8000 | M29: 0.15 | O29: =+M29*L29 -> 1200
C30: PULIDORA | L30: 8000 | M30: 0.1 | O30: =+M30*L30 -> 800
C31: HERRAMIENTA MENOR | L31: 5000 | M31: 0.2 | O31: =+M31*L31 -> 1000
C32: SUBTOTAL $ | O32: =SUM(O29:O31) -> 3000
C33: II. MATERIALES
C36: DESCRIPCIÓN | K36: UNIDAD | L36: CANTIDAD | M36: PRECIO UNIT. | O36: Vr. UNITARIO
C37: CERRADURA PARA PUERTA | K37: UNIDAD | L37: 1 | M37: 62000 | O37: =+M37*L37 -> 62000
C38: TORNILLERIA | K38: GL | L38: 1 | M38: 2500 | O38: =+M38*L38 -> 2500
C39: CONSUMIBLES | K39: GL | L39: 1 | M39: 1500 | O39: =+M39*L39 -> 1500
O40: =+M40*L40 -> 0
C41: SUBTOTAL $ | O41: =+SUM(O37:O39) -> 66000
C42: III. TRANSPORTES
C45: MATERIAL | J45: VOL. o PESO | K45: DISTANCIA | L45: M3 o Ton/Km | M45: TARIFA | O45: Vr. UNITARIO
C46: TRANSPORTE DE MATERIALES Y EQUIPOS | J46: 0.002 | K46: 20 | L46: 0.04 | M46: 25000 | O46: =+M46*K46*J46 -> 1000
C48: SUBTOTAL $ | O48: =+O46 -> 1000
C49: IV. MANO DE OBRA
C52: TRABAJADOR | J52: JORNAL | K52: PRESTACIONES | L52: JORNAL TOTAL | M52: RENDIMIENTO | O52: Vr. UNITARIO
C53: OFICIAL DE CONSTRUCCION | J53: 90000 | K53: =+J53*60% -> 54000 | L53: =+K53+J53 -> 144000 | M53: 0.097 | O53: =+M53*L53 -> 13968
C54: AYUDANTE | J54: 65000 | K54: =+J54*60% -> 39000 | L54: =+K54+J54 -> 104000 | M54: 0.106 | O54: 11032
C57: SUBTOTAL $ | O57: =+SUM(O53:O56) -> 25000
C59: TOTAL COSTO DIRECTO $ | O59: =+O57+O48+O41+O32 -> 95000
C60: V. COSTOS INDIRECTOS
C63: Descripción | L63: Porcentaje | M63: Valor Total
C64: ADMINISTRACION | L64: 0.27 | M64: =+O59*L64 -> 25650
C65: IMPREVISTOS | L65: 0.01 | M65: =+O59*L65 -> 950
C66: UTILIDAD | L66: 0.04 | M66: =+O59*L66 -> 3800
C67: FACTOR DISTANCIA PARA EL DOVIO | L67: 0.1 | M67: =+O59*L67 -> 9500
C68: SUBTOTAL $ | O68: =+M64+M65+M66+M67 -> 39900
C70: Precio Unitario Total Aproximado al peso $ | O70: =+O68+O59 -> 134900
H74: Firma
H75: Nombre:
H76: Representante Legal del Contratista o su Apoderado
H77: Matricula No. :
C79: OBSERVACIONES INTERVENTORÍA O SUPERVISIÓN
C83: APROBACIÓN POR INTERVENTORÍA O SUPERVISIÓN
C84: Nota 1: Cuando se trate de Análisis de precios unitarios correspondientes a ítems de la propuesta económica aprobada, el interventor o supervisor aprueba el desglose de los componentes manteniendo el mismo precio unitario de cada ítem, cumpliendo con las especificaciones de construcción vigentes para el proyecto.
C86: Nota 2: Cuando se trate de Análisis de precios unitarios de ítems no previstos, el interventor o supervisor aprueba el desglose y precio unitario de cada ítem no previsto, exigiendo la aplicación de los costos correspondientes a insumos y tarifas de la propuesta económica inicial cuando estén contemplados, cumpliendo con las especificaciones de construcción vigente para el proyecto.
H89: Firma
H90: Nombre:
H91: Representante Legal del Interventor o su apoderado o firma del supervisor
H92: Matricula No. :

Sheet APU 2,5
B1: Formulario 1 - Propuesta económica - Documento tipo de mínima cuantía de obra pública de infraestructura social
B2: Versión: 1 de 21 de agosto de 2025
C5: [La entidad podrá utilizar este formato para la presentación de los análisis de Precios Unitarios del Contratista en la oportunidad prevista en el numeral 8.2. de la invitación]
D8: MUNICIPIO DE EL DOVIO
L9: VERSIÓN
D10: [NÚMERO DEL PROCESO]
L11: PÁGINA | M11: 1 | N11: DE | O11: 1
D13: ANALISIS DE PRECIOS UNITARIOS
L15: FECHA | M15: DD | N15: MM | O15: AA
M16: =+'APU 1.1'!M16 -> 30 | N16: =+'APU 1.1'!N16 -> 9 | O16: 2026
C17: ÍTEMS DE LA PROPUESTA ECONÓMICA | I17: ÍTEMS NO PREVISTOS
N20: =10000/8 -> 1250
C21: DATOS ESPECÍFICOS
C23: ÍTEM | D23: DESCRIPCIÓN | M23: UNIDAD | O23: CANTIDAD
C24: =+'PRESUPUESTO OFICIAL (Entidad)'!D28 -> 2.5 | D24: =+'PRESUPUESTO OFICIAL (Entidad)'!G28 -> VINILO TIPO 1, 2M GRADERIAS | M24: =+'PRESUPUESTO OFICIAL (Entidad)'!H28 -> m2 | O24: =+'PRESUPUESTO OFICIAL (Entidad)'!I28 -> 280
C25: I. EQUIPO
C28: DESCRIPCIÓN | H28: MARCA | J28: TIPO | L28: TARIFA/HORA | M28: RENDIMIENTO | O28: Vr. UNITARIO
C29: EQUIPO DE PINTURA | J29: RODILLO Y BROCHA | L29: 5000 | M29: 0.04 | O29: =+M29*L29 -> 200
C30: HERRAMIENTA MENOR | J30: ESPATULA BANDEJA | L30: 4000 | M30: 0.05 | O30: =+M30*L30 -> 200
C31: ESCALERA | J31: TIPO INDUSTRIAL | L31: 6000 | M31: 0.05 | O31: =+M31*L31 -> 300
C33: SUBTOTAL $ | O33: =SUM(O29:O32) -> 700
C34: II. MATERIALES
C37: DESCRIPCIÓN | K37: UNIDAD | L37: CANTIDAD | M37: PRECIO UNIT. | O37: Vr. UNITARIO
C38: VINILO TIPO 1 | K38: GAL | L38: 0.06 | M38: 65000 | O38: =+M38*L38 -> 3900
C39: ESTUCO/MASILLA | K39: KG | L39: 0.1 | M39: 3000 | O39: =+M39*L39 -> 300
C40: LIJA | K40: UND | L40: 0.1 | M40: 2000 | O40: =+M40*L40 -> 200
C41: CONSUMIBLE DE PINTURA | K41: GL | L41: 1 | M41: 200 | O41: =+M41*L41 -> 200
C45: SELLADOR PARA JUNTAS | O45: =+SUM(O38:O44) -> 4600
C46: III. TRANSPORTES
C49: MATERIAL | J49: VOL. o PESO | K49: DISTANCIA | L49: M3 o Ton/Km | M49: TARIFA | O49: Vr. UNITARIO
C50: TRANSPORTE PINTURA Y MATERIALES | J50: 0.003 | K50: 20 | L50: 0.06 | M50: 5000 | O50: =+M50*J50*K50 -> 300
C52: SUBTOTAL $ | O52: =+O50 -> 300
C53: IV. MANO DE OBRA
C56: TRABAJADOR | J56: JORNAL | K56: PRESTACIONES | L56: JORNAL TOTAL | M56: RENDIMIENTO | O56: Vr. UNITARIO
C57: OFICIAL DE CONSTRUCCION | J57: 90000 | K57: =+J57*60% -> 54000 | L57: =+K57+J57 -> 144000 | M57: 0.00806 | O57: 1160
C58: AYUDANTE | J58: 65000 | K58: =+J58*60% -> 39000 | L58: =+K58+J58 -> 104000 | M58: 0.02153 | O58: 2240
C61: SUBTOTAL $ | O61: =+SUM(O57:O60) -> 3400
C63: TOTAL COSTO DIRECTO $ | O63: =+O61+O52+O45+O33 -> 9000
C64: V. COSTOS INDIRECTOS
C67: Descripción | L67: Porcentaje | M67: Valor Total
C68: ADMINISTRACION | L68: 0.27 | M68: =+O63*L68 -> 2430
C69: IMPREVISTOS | L69: 0.01 | M69: =+O63*L69 -> 90
C70: UTILIDAD | L70: 0.04 | M70: =+O63*L70 -> 360
C71: FACTOR DISTANCIA PARA EL DOVIO | L71: 0.1 | M71: =+O63*L71 -> 900
C72: SUBTOTAL $ | O72: =+M68+M69+M70+M71 -> 3780
C74: Precio Unitario Total Aproximado al peso $ | O74: =+O72+O63 -> 12780
H78: Firma
H79: Nombre:
H80: Representante Legal del Contratista o su Apoderado
H81: Matricula No. :
C83: OBSERVACIONES INTERVENTORÍA O SUPERVISIÓN
C87: APROBACIÓN POR INTERVENTORÍA O SUPERVISIÓN
C88: Nota 1: Cuando se trate de Análisis de precios unitarios correspondientes a ítems de la propuesta económica aprobada, el interventor o supervisor aprueba el desglose de los componentes manteniendo el mismo precio unitario de cada ítem, cumpliendo con las especificaciones de construcción vigentes para el proyecto.
C90: Nota 2: Cuando se trate de Análisis de precios unitarios de ítems no previstos, el interventor o supervisor aprueba el desglose y precio unitario de cada ítem no previsto, exigiendo la aplicación de los costos correspondientes a insumos y tarifas de la propuesta económica inicial cuando estén contemplados, cumpliendo con las especificaciones de construcción vigente para el proyecto.
H93: Firma
H94: Nombre:
H95: Representante Legal del Interventor o su apoderado o firma del supervisor
H96: Matricula No. :

Sheet APU 2,6
B1: Formulario 1 - Propuesta económica - Documento tipo de mínima cuantía de obra pública de infraestructura social
B2: Versión: 1 de 21 de agosto de 2025
C5: [La entidad podrá utilizar este formato para la presentación de los análisis de Precios Unitarios del Contratista en la oportunidad prevista en el numeral 8.2. de la invitación]
D8: MUNICIPIO DE EL DOVIO
L9: VERSIÓN
D10: [NÚMERO DEL PROCESO]
L11: PÁGINA | M11: 1 | N11: DE | O11: 1
D13: ANALISIS DE PRECIOS UNITARIOS
L15: FECHA | M15: DD | N15: MM | O15: AA
M16: =+'APU 1.1'!M16 -> 30 | N16: =+'APU 1.1'!N16 -> 9 | O16: 2026
C17: ÍTEMS DE LA PROPUESTA ECONÓMICA | I17: ÍTEMS NO PREVISTOS
N20: =10000/8 -> 1250
C21: DATOS ESPECÍFICOS
C23: ÍTEM | D23: DESCRIPCIÓN | M23: UNIDAD | O23: CANTIDAD
C24: =+'PRESUPUESTO OFICIAL (Entidad)'!D29 -> 2.6 | D24: =+'PRESUPUESTO OFICIAL (Entidad)'!G26 -> ESMALTE LAMINA LLENA PUERTAS | M24: =+'PRESUPUESTO OFICIAL (Entidad)'!H26 -> m2 | O24: =+'PRESUPUESTO OFICIAL (Entidad)'!I26 -> 42
C25: I. EQUIPO
C28: DESCRIPCIÓN | H28: MARCA | J28: TIPO | L28: TARIFA/HORA | M28: RENDIMIENTO | O28: Vr. UNITARIO
C29: PULIDORA | L29: 8000 | M29: 0.1 | O29: =+M29*L29 -> 800
C30: EQUI´PO DE PINTURA | L30: 5000 | M30: 0.1 | O30: =+M30*L30 -> 500
C31: HERRAMIENTA MENOR | L31: 5000 | M31: 0.1 | O31: =+M31*L31 -> 500
C32: SUBTOTAL $ | O32: =SUM(O29:O31) -> 1800
C33: II. MATERIALES
C36: DESCRIPCIÓN | K36: UNIDAD | L36: CANTIDAD | M36: PRECIO UNIT. | O36: Vr. UNITARIO
C37: ESMALTE METAL | K37: GAL | L37: 0.08 | M37: 120000 | O37: =+M37*L37 -> 9600
C38: ANTICORROSIVO | K38: GAL | L38: 0.05 | M38: 100000 | O38: =+M38*L38 -> 5000
C39: THINNER | K39: L | L39: 0.1 | M39: 15000 | O39: =+M39*L39 -> 1500
C40: LIJA PARA METAL | K40: UND | L40: 0.5 | M40: 2000 | O40: =+M40*L40 -> 1000
C41: CONSUMIBLES | K41: GL | L41: 1 | M41: 600 | O41: =+M41*L41 -> 600
O42: =+M42*L42 -> 0
C43: SUBTOTAL $ | O43: =+SUM(O37:O41) -> 17700
C44: III. TRANSPORTES
C47: MATERIAL | J47: VOL. o PESO | K47: DISTANCIA | L47: M3 o Ton/Km | M47: TARIFA | O47: Vr. UNITARIO
C48: TRANSPORTE DE MATERIALES Y EQUIPOS | J48: 0.005 | K48: 20 | L48: 0.1 | M48: 5000 | O48: =+M48*K48*J48 -> 500
C50: SUBTOTAL $ | O50: =+O48 -> 500
C51: IV. MANO DE OBRA
C54: TRABAJADOR | J54: JORNAL | K54: PRESTACIONES | L54: JORNAL TOTAL | M54: RENDIMIENTO | O54: Vr. UNITARIO
C55: OFICIAL DE CONSTRUCCION | J55: 90000 | K55: =+J55*60% -> 54000 | L55: =+K55+J55 -> 144000 | M55: 0.05 | O55: =+M55*L55 -> 7200
C56: AYUDANTE | J56: 65000 | K56: =+J56*60% -> 39000 | L56: =+K56+J56 -> 104000 | M56: 0.046 | O56: 4800
C59: SUBTOTAL $ | O59: =+SUM(O55:O58) -> 12000
C61: TOTAL COSTO DIRECTO $ | O61: =+O59+O50+O43+O32 -> 32000
C62: V. COSTOS INDIRECTOS
C65: Descripción | L65: Porcentaje | M65: Valor Total
C66: ADMINISTRACION | L66: 0.27 | M66: =+O61*L66 -> 8640
C67: IMPREVISTOS | L67: 0.01 | M67: =+O61*L67 -> 320
C68: UTILIDAD | L68: 0.04 | M68: =+O61*L68 -> 1280
C69: FACTOR DISTANCIA PARA EL DOVIO | L69: 0.1 | M69: =+O61*L69 -> 3200
C70: SUBTOTAL $ | O70: =+M66+M67+M68+M69 -> 13440
C72: Precio Unitario Total Aproximado al peso $ | O72: =+O70+O61 -> 45440
H76: Firma
H77: Nombre:
H78: Representante Legal del Contratista o su Apoderado
H79: Matricula No. :
C81: OBSERVACIONES INTERVENTORÍA O SUPERVISIÓN
C85: APROBACIÓN POR INTERVENTORÍA O SUPERVISIÓN
C86: Nota 1: Cuando se trate de Análisis de precios unitarios correspondientes a ítems de la propuesta económica aprobada, el interventor o supervisor aprueba el desglose de los componentes manteniendo el mismo precio unitario de cada ítem, cumpliendo con las especificaciones de construcción vigentes para el proyecto.
C88: Nota 2: Cuando se trate de Análisis de precios unitarios de ítems no previstos, el interventor o supervisor aprueba el desglose y precio unitario de cada ítem no previsto, exigiendo la aplicación de los costos correspondientes a insumos y tarifas de la propuesta económica inicial cuando estén contemplados, cumpliendo con las especificaciones de construcción vigente para el proyecto.
H91: Firma
H92: Nombre:
H93: Representante Legal del Interventor o su apoderado o firma del supervisor
H94: Matricula No. :

Sheet APU 2,7
B1: Formulario 1 - Propuesta económica - Documento tipo de mínima cuantía de obra pública de infraestructura social
B2: Versión: 1 de 21 de agosto de 2025
C5: [La entidad podrá utilizar este formato para la presentación de los análisis de Precios Unitarios del Contratista en la oportunidad prevista en el numeral 8.2. de la invitación]
D8: MUNICIPIO DE EL DOVIO
L9: VERSIÓN
D10: [NÚMERO DEL PROCESO]
L11: PÁGINA | M11: 1 | N11: DE | O11: 1
D13: ANALISIS DE PRECIOS UNITARIOS
L15: FECHA | M15: DD | N15: MM | O15: AA
M16: =+'APU 1.1'!M16 -> 30 | N16: =+'APU 1.1'!N16 -> 9 | O16: 2026
C17: ÍTEMS DE LA PROPUESTA ECONÓMICA | I17: ÍTEMS NO PREVISTOS
N20: =10000/8 -> 1250
C21: DATOS ESPECÍFICOS
C23: ÍTEM | D23: DESCRIPCIÓN | M23: UNIDAD | O23: CANTIDAD
C24: =+'PRESUPUESTO OFICIAL (Entidad)'!D30 -> 2.7 | D24: =+'PRESUPUESTO OFICIAL (Entidad)'!G30 -> ESMALTE VENTANA REJAS | M24: =+'PRESUPUESTO OFICIAL (Entidad)'!H30 -> m2 | O24: =+'PRESUPUESTO OFICIAL (Entidad)'!I30 -> 8
C25: I. EQUIPO
C28: DESCRIPCIÓN | H28: MARCA | J28: TIPO | L28: TARIFA/HORA | M28: RENDIMIENTO | O28: Vr. UNITARIO
C29: PULIDORA | L29: 8000 | M29: 0.1 | O29: =+M29*L29 -> 800
C30: EQUI´PO DE PINTURA | L30: 6000 | M30: 0.1 | O30: =+M30*L30 -> 600
C31: HERRAMIENTA MENOR | L31: 5000 | M31: 0.1 | O31: =+M31*L31 -> 500
C32: SUBTOTAL $ | O32: =SUM(O29:O31) -> 1900
C33: II. MATERIALES
C36: DESCRIPCIÓN | K36: UNIDAD | L36: CANTIDAD | M36: PRECIO UNIT. | O36: Vr. UNITARIO
C37: ESMALTE METAL | K37: GAL | L37: 0.07 | M37: 120000 | O37: =+M37*L37 -> 8400
C38: ANTICORROSIVO | K38: GAL | L38: 0.04 | M38: 100000 | O38: =+M38*L38 -> 4000
C39: THINNER | K39: L | L39: 0.08 | M39: 15000 | O39: =+M39*L39 -> 1200
C40: LIJA PARA METAL | K40: UND | L40: 0.3 | M40: 2000 | O40: =+M40*L40 -> 600
C41: CONSUMIBLES | K41: GL | L41: 1 | M41: 400 | O41: =+M41*L41 -> 400
O42: =+M42*L42 -> 0
C43: SUBTOTAL $ | O43: =+SUM(O37:O41) -> 14600
C44: III. TRANSPORTES
C47: MATERIAL | J47: VOL. o PESO | K47: DISTANCIA | L47: M3 o Ton/Km | M47: TARIFA | O47: Vr. UNITARIO
C48: TRANSPORTE DE MATERIALES Y EQUIPOS | J48: 0.005 | K48: 20 | L48: 0.1 | M48: 5000 | O48: =+M48*K48*J48 -> 500
C50: SUBTOTAL $ | O50: =+O48 -> 500
C51: IV. MANO DE OBRA
C54: TRABAJADOR | J54: JORNAL | K54: PRESTACIONES | L54: JORNAL TOTAL | M54: RENDIMIENTO | O54: Vr. UNITARIO
C55: OFICIAL DE CONSTRUCCION | J55: 90000 | K55: =+J55*60% -> 54000 | L55: =+K55+J55 -> 144000 | M55: 0.045 | O55: =+M55*L55 -> 6480
C56: AYUDANTE | J56: 65000 | K56: =+J56*60% -> 39000 | L56: =+K56+J56 -> 104000 | M56: 0.0435 | O56: 4520
C59: SUBTOTAL $ | O59: =+SUM(O55:O58) -> 11000
C61: TOTAL COSTO DIRECTO $ | O61: =+O59+O50+O43+O32 -> 28000
C62: V. COSTOS INDIRECTOS
C65: Descripción | L65: Porcentaje | M65: Valor Total
C66: ADMINISTRACION | L66: 0.27 | M66: =+O61*L66 -> 7560
C67: IMPREVISTOS | L67: 0.01 | M67: =+O61*L67 -> 280
C68: UTILIDAD | L68: 0.04 | M68: =+O61*L68 -> 1120
C69: FACTOR DISTANCIA PARA EL DOVIO | L69: 0.1 | M69: =+O61*L69 -> 2800
C70: SUBTOTAL $ | O70: =+M66+M67+M68+M69 -> 11760
C72: Precio Unitario Total Aproximado al peso $ | O72: =+O70+O61 -> 39760
H76: Firma
H77: Nombre:
H78: Representante Legal del Contratista o su Apoderado
H79: Matricula No. :
C81: OBSERVACIONES INTERVENTORÍA O SUPERVISIÓN
C85: APROBACIÓN POR INTERVENTORÍA O SUPERVISIÓN
C86: Nota 1: Cuando se trate de Análisis de precios unitarios correspondientes a ítems de la propuesta económica aprobada, el interventor o supervisor aprueba el desglose de los componentes manteniendo el mismo precio unitario de cada ítem, cumpliendo con las especificaciones de construcción vigentes para el proyecto.
C88: Nota 2: Cuando se trate de Análisis de precios unitarios de ítems no previstos, el interventor o supervisor aprueba el desglose y precio unitario de cada ítem no previsto, exigiendo la aplicación de los costos correspondientes a insumos y tarifas de la propuesta económica inicial cuando estén contemplados, cumpliendo con las especificaciones de construcción vigente para el proyecto.
H91: Firma
H92: Nombre:
H93: Representante Legal del Interventor o su apoderado o firma del supervisor
H94: Matricula No. :

Sheet APU 2,8
B1: Formulario 1 - Propuesta económica - Documento tipo de mínima cuantía de obra pública de infraestructura social
B2: Versión: 1 de 21 de agosto de 2025
C5: [La entidad podrá utilizar este formato para la presentación de los análisis de Precios Unitarios del Contratista en la oportunidad prevista en el numeral 8.2. de la invitación]
D8: MUNICIPIO DE EL DOVIO
L9: VERSIÓN
D10: [NÚMERO DEL PROCESO]
L11: PÁGINA | M11: 1 | N11: DE | O11: 1
D13: ANALISIS DE PRECIOS UNITARIOS
L15: FECHA | M15: DD | N15: MM | O15: AA
M16: =+'APU 1.1'!M16 -> 30 | N16: =+'APU 1.1'!N16 -> 9 | O16: 2026
C17: ÍTEMS DE LA PROPUESTA ECONÓMICA | I17: ÍTEMS NO PREVISTOS
N20: =10000/8 -> 1250
C21: DATOS ESPECÍFICOS
C23: ÍTEM | D23: DESCRIPCIÓN | M23: UNIDAD | O23: CANTIDAD
C24: =+'PRESUPUESTO OFICIAL (Entidad)'!D31 -> 2.8 | D24: =+'PRESUPUESTO OFICIAL (Entidad)'!G31 -> ESMALTE BARANDA TUBO 3 LINEAS + PARALES | M24: =+'PRESUPUESTO OFICIAL (Entidad)'!H31 -> mL | O24: =+'PRESUPUESTO OFICIAL (Entidad)'!I31 -> 112
C25: I. EQUIPO
C28: DESCRIPCIÓN | H28: MARCA | J28: TIPO | L28: TARIFA/HORA | M28: RENDIMIENTO | O28: Vr. UNITARIO
C29: PULIDORA | L29: 8000 | M29: 0.06 | O29: =+M29*L29 -> 480
C30: EQUI´PO DE PINTURA | L30: 5000 | M30: 0.08 | O30: =+M30*L30 -> 400
C31: HERRAMIENTA MENOR | L31: 4000 | M31: 0.08 | O31: =+M31*L31 -> 320
C32: SUBTOTAL $ | O32: =SUM(O29:O31) -> 1200
C33: II. MATERIALES
C36: DESCRIPCIÓN | K36: UNIDAD | L36: CANTIDAD | M36: PRECIO UNIT. | O36: Vr. UNITARIO
C37: ESMALTE METAL | K37: GAL | L37: 0.04 | M37: 120000 | O37: =+M37*L37 -> 4800
C38: ANTICORROSIVO | K38: GAL | L38: 0.025 | M38: 100000 | O38: =+M38*L38 -> 2500
C39: THINNER | K39: L | L39: 0.05 | M39: 15000 | O39: =+M39*L39 -> 750
C40: LIJA PARA METAL | K40: UND | L40: 0.2 | M40: 2000 | O40: =+M40*L40 -> 400
C41: CONSUMIBLES | K41: GL | L41: 1 | M41: 350 | O41: =+M41*L41 -> 350
O42: =+M42*L42 -> 0
C43: SUBTOTAL $ | O43: =+SUM(O37:O41) -> 8800
C44: III. TRANSPORTES
C47: MATERIAL | J47: VOL. o PESO | K47: DISTANCIA | L47: M3 o Ton/Km | M47: TARIFA | O47: Vr. UNITARIO
C48: TRANSPORTE DE MATERIALES Y EQUIPOS | J48: 0.003 | K48: 20 | L48: 0.1 | M48: 5000 | O48: =+M48*K48*J48 -> 300
C50: SUBTOTAL $ | O50: =+O48 -> 300
C51: IV. MANO DE OBRA
C54: TRABAJADOR | J54: JORNAL | K54: PRESTACIONES | L54: JORNAL TOTAL | M54: RENDIMIENTO | O54: Vr. UNITARIO
C55: OFICIAL DE CONSTRUCCION | J55: 90000 | K55: =+J55*60% -> 54000 | L55: =+K55+J55 -> 144000 | M55: 0.0278 | O55: 4000
C56: AYUDANTE | J56: 65000 | K56: =+J56*60% -> 39000 | L56: =+K56+J56 -> 104000 | M56: 0.0385 | O56: 4000
C59: SUBTOTAL $ | O59: =+SUM(O55:O58) -> 8000
C61: TOTAL COSTO DIRECTO $ | O61: =+O59+O50+O43+O32 -> 18300
C62: V. COSTOS INDIRECTOS
C65: Descripción | L65: Porcentaje | M65: Valor Total
C66: ADMINISTRACION | L66: 0.27 | M66: =+O61*L66 -> 4941
C67: IMPREVISTOS | L67: 0.01 | M67: =+O61*L67 -> 183
C68: UTILIDAD | L68: 0.04 | M68: =+O61*L68 -> 732
C69: FACTOR DISTANCIA PARA EL DOVIO | L69: 0.1 | M69: =+O61*L69 -> 1830
C70: SUBTOTAL $ | O70: =+M66+M67+M68+M69 -> 7686
C72: Precio Unitario Total Aproximado al peso $ | O72: =+O70+O61 -> 25986
H76: Firma
H77: Nombre:
H78: Representante Legal del Contratista o su Apoderado
H79: Matricula No. :
C81: OBSERVACIONES INTERVENTORÍA O SUPERVISIÓN
C85: APROBACIÓN POR INTERVENTORÍA O SUPERVISIÓN
C86: Nota 1: Cuando se trate de Análisis de precios unitarios correspondientes a ítems de la propuesta económica aprobada, el interventor o supervisor aprueba el desglose de los componentes manteniendo el mismo precio unitario de cada ítem, cumpliendo con las especificaciones de construcción vigentes para el proyecto.
C88: Nota 2: Cuando se trate de Análisis de precios unitarios de ítems no previstos, el interventor o supervisor aprueba el desglose y precio unitario de cada ítem no previsto, exigiendo la aplicación de los costos correspondientes a insumos y tarifas de la propuesta económica inicial cuando estén contemplados, cumpliendo con las especificaciones de construcción vigente para el proyecto.
H91: Firma
H92: Nombre:
H93: Representante Legal del Interventor o su apoderado o firma del supervisor
H94: Matricula No. :

Sheet APU 2,9
B1: Formulario 1 - Propuesta económica - Documento tipo de mínima cuantía de obra pública de infraestructura social
B2: Versión: 1 de 21 de agosto de 2025
C5: [La entidad podrá utilizar este formato para la presentación de los análisis de Precios Unitarios del Contratista en la oportunidad prevista en el numeral 8.2. de la invitación]
D8: MUNICIPIO DE EL DOVIO
L9: VERSIÓN
D10: [NÚMERO DEL PROCESO]
L11: PÁGINA | M11: 1 | N11: DE | O11: 1
D13: ANALISIS DE PRECIOS UNITARIOS
L15: FECHA | M15: DD | N15: MM | O15: AA
M16: =+'APU 1.1'!M16 -> 30 | N16: =+'APU 1.1'!N16 -> 9 | O16: 2026
C17: ÍTEMS DE LA PROPUESTA ECONÓMICA | I17: ÍTEMS NO PREVISTOS
N20: =10000/8 -> 1250
C21: DATOS ESPECÍFICOS
C23: ÍTEM | D23: DESCRIPCIÓN | M23: UNIDAD | O23: CANTIDAD
C24: =+'PRESUPUESTO OFICIAL (Entidad)'!D32 -> 2.9 | D24: =+'PRESUPUESTO OFICIAL (Entidad)'!G32 -> PLAFONES Y BOMBILLOS LED 100 W | M24: =+'PRESUPUESTO OFICIAL (Entidad)'!H32 -> UND | O24: =+'PRESUPUESTO OFICIAL (Entidad)'!I32 -> 4
C25: I. EQUIPO
C28: DESCRIPCIÓN | H28: MARCA | J28: TIPO | L28: TARIFA/HORA | M28: RENDIMIENTO | O28: Vr. UNITARIO
C29: PULIDORA | L29: 8000 | M29: 0.06 | O29: =+M29*L29 -> 480
C30: EQUI´PO DE PINTURA | L30: 5000 | M30: 0.08 | O30: =+M30*L30 -> 400
C31: HERRAMIENTA MENOR | L31: 4000 | M31: 0.08 | O31: =+M31*L31 -> 320
C32: SUBTOTAL $ | O32: =SUM(O29:O31) -> 1200
C33: II. MATERIALES
C36: DESCRIPCIÓN | K36: UNIDAD | L36: CANTIDAD | M36: PRECIO UNIT. | O36: Vr. UNITARIO
C37: ESMALTE METAL | K37: GAL | L37: 0.04 | M37: 120000 | O37: =+M37*L37 -> 4800
C38: ANTICORROSIVO | K38: GAL | L38: 0.025 | M38: 100000 | O38: =+M38*L38 -> 2500
C39: THINNER | K39: L | L39: 0.05 | M39: 15000 | O39: =+M39*L39 -> 750
C40: LIJA PARA METAL | K40: UND | L40: 0.2 | M40: 2000 | O40: =+M40*L40 -> 400
C41: CONSUMIBLES | K41: GL | L41: 1 | M41: 350 | O41: =+M41*L41 -> 350
O42: =+M42*L42 -> 0
C43: SUBTOTAL $ | O43: =+SUM(O37:O41) -> 8800
C44: III. TRANSPORTES
C47: MATERIAL | J47: VOL. o PESO | K47: DISTANCIA | L47: M3 o Ton/Km | M47: TARIFA | O47: Vr. UNITARIO
C48: TRANSPORTE DE MATERIALES Y EQUIPOS | J48: 0.003 | K48: 20 | L48: 0.1 | M48: 5000 | O48: =+M48*K48*J48 -> 300
C50: SUBTOTAL $ | O50: =+O48 -> 300
C51: IV. MANO DE OBRA
C54: TRABAJADOR | J54: JORNAL | K54: PRESTACIONES | L54: JORNAL TOTAL | M54: RENDIMIENTO | O54: Vr. UNITARIO
C55: OFICIAL DE CONSTRUCCION | J55: 90000 | K55: =+J55*60% -> 54000 | L55: =+K55+J55 -> 144000 | M55: 0.0278 | O55: 4000
C56: AYUDANTE | J56: 65000 | K56: =+J56*60% -> 39000 | L56: =+K56+J56 -> 104000 | M56: 0.0385 | O56: 4000
C59: SUBTOTAL $ | O59: =+SUM(O55:O58) -> 8000
C61: TOTAL COSTO DIRECTO $ | O61: =+O59+O50+O43+O32 -> 18300
C62: V. COSTOS INDIRECTOS
C65: Descripción | L65: Porcentaje | M65: Valor Total
C66: ADMINISTRACION | L66: 0.27 | M66: =+O61*L66 -> 4941
C67: IMPREVISTOS | L67: 0.01 | M67: =+O61*L67 -> 183
C68: UTILIDAD | L68: 0.04 | M68: =+O61*L68 -> 732
C69: FACTOR DISTANCIA PARA EL DOVIO | L69: 0.1 | M69: =+O61*L69 -> 1830
C70: SUBTOTAL $ | O70: =+M66+M67+M68+M69 -> 7686
C72: Precio Unitario Total Aproximado al peso $ | O72: =+O70+O61 -> 25986
H76: Firma
H77: Nombre:
H78: Representante Legal del Contratista o su Apoderado
H79: Matricula No. :
C81: OBSERVACIONES INTERVENTORÍA O SUPERVISIÓN
C85: APROBACIÓN POR INTERVENTORÍA O SUPERVISIÓN
C86: Nota 1: Cuando se trate de Análisis de precios unitarios correspondientes a ítems de la propuesta económica aprobada, el interventor o supervisor aprueba el desglose de los componentes manteniendo el mismo precio unitario de cada ítem, cumpliendo con las especificaciones de construcción vigentes para el proyecto.
C88: Nota 2: Cuando se trate de Análisis de precios unitarios de ítems no previstos, el interventor o supervisor aprueba el desglose y precio unitario de cada ítem no previsto, exigiendo la aplicación de los costos correspondientes a insumos y tarifas de la propuesta económica inicial cuando estén contemplados, cumpliendo con las especificaciones de construcción vigente para el proyecto.
H91: Firma
H92: Nombre:
H93: Representante Legal del Interventor o su apoderado o firma del supervisor
H94: Matricula No. :

Sheet APU 2,10
B1: Formulario 1 - Propuesta económica - Documento tipo de mínima cuantía de obra pública de infraestructura social
B2: Versión: 1 de 21 de agosto de 2025
C5: [La entidad podrá utilizar este formato para la presentación de los análisis de Precios Unitarios del Contratista en la oportunidad prevista en el numeral 8.2. de la invitación]
D8: MUNICIPIO DE EL DOVIO
L9: VERSIÓN
D10: [NÚMERO DEL PROCESO]
L11: PÁGINA | M11: 1 | N11: DE | O11: 1
D13: ANALISIS DE PRECIOS UNITARIOS
L15: FECHA | M15: DD | N15: MM | O15: AA
M16: =+'APU 1.1'!M16 -> 30 | N16: =+'APU 1.1'!N16 -> 9 | O16: 2026
C17: ÍTEMS DE LA PROPUESTA ECONÓMICA | I17: ÍTEMS NO PREVISTOS
N20: =10000/8 -> 1250
C21: DATOS ESPECÍFICOS
C23: ÍTEM | D23: DESCRIPCIÓN | M23: UNIDAD | O23: CANTIDAD
C24: =+'PRESUPUESTO OFICIAL (Entidad)'!D32 -> 2.9 | D24: =+'PRESUPUESTO OFICIAL (Entidad)'!G32 -> PLAFONES Y BOMBILLOS LED 100 W | M24: =+'PRESUPUESTO OFICIAL (Entidad)'!H32 -> UND | O24: =+'PRESUPUESTO OFICIAL (Entidad)'!I32 -> 4
C25: I. EQUIPO
C28: DESCRIPCIÓN | H28: MARCA | J28: TIPO | L28: TARIFA/HORA | M28: RENDIMIENTO | O28: Vr. UNITARIO
C29: TALADRO | L29: 10000 | M29: 0.15 | O29: =+M29*L29 -> 1500
C30: ESCALERA | L30: 10000 | M30: 0.2 | O30: =+M30*L30 -> 2000
C31: MULTIMETRO | L31: 5000 | M31: 0.1 | O31: =+M31*L31 -> 500
C32: HERRAMIENTA MENOR | L32: 5000 | M32: 0.2 | O32: =+M32*L32 -> 1000
C33: SUBTOTAL $ | O33: =SUM(O29:O32) -> 5000
C34: II. MATERIALES
C37: DESCRIPCIÓN | K37: UNIDAD | L37: CANTIDAD | M37: PRECIO UNIT. | O37: Vr. UNITARIO
C38: BOMBILLO LED 100 W | K38: UND | L38: 1 | M38: 105000 | O38: =+M38*L38 -> 105000
C39: PLAFON | K39: UND | L39: 1 | M39: 18000 | O39: =+M39*L39 -> 18000
C40: CABLE ELECTRICO | K40: ML | L40: 2 | M40: 2500 | O40: =+M40*L40 -> 5000
C41: CONECTORES Y TERMINALES | K41: GL | L41: 1 | M41: 3000 | O41: =+M41*L41 -> 3000
C42: TORNILLOS Y CHAZOS | K42: GL | L42: 1 | M42: 2000 | O42: =+M42*L42 -> 2000
C43: CINTA AISLANTE | K43: GL | L43: 1 | M43: 2000 | O43: =+M43*L43 -> 2000
C44: SUBTOTAL $ | O44: =+SUM(O38:O43) -> 135000
C45: III. TRANSPORTES
C48: MATERIAL | J48: VOL. o PESO | K48: DISTANCIA | L48: M3 o Ton/Km | M48: TARIFA | O48: Vr. UNITARIO
C49: TRANSPORTE DE MATERIALES Y EQUIPOS | J49: 0.004 | K49: 20 | L49: 0.08 | M49: 25000 | O49: =+M49*K49*J49 -> 2000
C51: SUBTOTAL $ | O51: =+O49 -> 2000
C52: IV. MANO DE OBRA
C55: TRABAJADOR | J55: JORNAL | K55: PRESTACIONES | L55: JORNAL TOTAL | M55: RENDIMIENTO | O55: Vr. UNITARIO
C56: OFICIAL DE CONSTRUCCION | J56: 90000 | K56: =+J56*60% -> 54000 | L56: =+K56+J56 -> 144000 | M56: 0.172 | O56: =+M56*L56 -> 24768
C57: AYUDANTE | J57: 65000 | K57: =+J57*60% -> 39000 | L57: =+K57+J57 -> 104000 | M57: 0.175 | O57: 18232
C60: SUBTOTAL $ | O60: =+SUM(O56:O59) -> 43000
C62: TOTAL COSTO DIRECTO $ | O62: =+O60+O51+O44+O33 -> 185000
C63: V. COSTOS INDIRECTOS
C66: Descripción | L66: Porcentaje | M66: Valor Total
C67: ADMINISTRACION | L67: 0.27 | M67: =+O62*L67 -> 49950
C68: IMPREVISTOS | L68: 0.01 | M68: =+O62*L68 -> 1850
C69: UTILIDAD | L69: 0.04 | M69: =+O62*L69 -> 7400
C70: FACTOR DISTANCIA PARA EL DOVIO | L70: 0.1 | M70: =+O62*L70 -> 18500
C71: SUBTOTAL $ | O71: =+M67+M68+M69+M70 -> 77700
C73: Precio Unitario Total Aproximado al peso $ | O73: =+O71+O62 -> 262700
H77: Firma
H78: Nombre:
H79: Representante Legal del Contratista o su Apoderado
H80: Matricula No. :
C82: OBSERVACIONES INTERVENTORÍA O SUPERVISIÓN
C86: APROBACIÓN POR INTERVENTORÍA O SUPERVISIÓN
C87: Nota 1: Cuando se trate de Análisis de precios unitarios correspondientes a ítems de la propuesta económica aprobada, el interventor o supervisor aprueba el desglose de los componentes manteniendo el mismo precio unitario de cada ítem, cumpliendo con las especificaciones de construcción vigentes para el proyecto.
C89: Nota 2: Cuando se trate de Análisis de precios unitarios de ítems no previstos, el interventor o supervisor aprueba el desglose y precio unitario de cada ítem no previsto, exigiendo la aplicación de los costos correspondientes a insumos y tarifas de la propuesta económica inicial cuando estén contemplados, cumpliendo con las especificaciones de construcción vigente para el proyecto.
H92: Firma
H93: Nombre:
H94: Representante Legal del Interventor o su apoderado o firma del supervisor
H95: Matricula No. :

Sheet APU 2,11
B1: Formulario 1 - Propuesta económica - Documento tipo de mínima cuantía de obra pública de infraestructura social
B2: Versión: 1 de 21 de agosto de 2025
C5: [La entidad podrá utilizar este formato para la presentación de los análisis de Precios Unitarios del Contratista en la oportunidad prevista en el numeral 8.2. de la invitación]
D8: MUNICIPIO DE EL DOVIO
L9: VERSIÓN
D10: [NÚMERO DEL PROCESO]
L11: PÁGINA | M11: 1 | N11: DE | O11: 1
D13: ANALISIS DE PRECIOS UNITARIOS
L15: FECHA | M15: DD | N15: MM | O15: AA
M16: 30 | N16: 9 | O16: 2026
C17: ÍTEMS DE LA PROPUESTA ECONÓMICA | I17: ÍTEMS NO PREVISTOS
N20: =10000/8 -> 1250
C21: DATOS ESPECÍFICOS
C23: ÍTEM | D23: DESCRIPCIÓN | M23: UNIDAD | O23: CANTIDAD
C24: =+'PRESUPUESTO OFICIAL (Entidad)'!D18 -> 1.5 | D24: =+'PRESUPUESTO OFICIAL (Entidad)'!G18 -> SUMINISTRO E INSTALACION DE REFLECTORES 200W | M24: und | O24: =+'PRESUPUESTO OFICIAL (Entidad)'!I18 -> 6
C25: I. EQUIPO
C28: DESCRIPCIÓN | H28: MARCA | J28: TIPO | L28: TARIFA/HORA | M28: RENDIMIENTO | O28: Vr. UNITARIO
C29: TALADRO PERCUTOR | H29: DEWALT | J29: ELECTRICO | L29: 10000 | M29: 0.2 | O29: =+M29*L29 -> 2000
C30: ESCALERA | L30: 20000 | M30: 0.3 | O30: =+M30*L30 -> 6000
C31: MULTIMETRO | L31: 5000 | M31: 0.1 | O31: =+M31*L31 -> 500
C32: HERRAMIENTA MENOR | L32: 5000 | M32: 0.3 | O32: =+M32*L32 -> 1500
C33: SUBTOTAL $ | O33: =SUM(O29:O32) -> 10000
C34: II. MATERIALES
C37: DESCRIPCIÓN | K37: UNIDAD | L37: CANTIDAD | M37: PRECIO UNIT. | O37: Vr. UNITARIO
C38: REFLECTOR LED 300 W | K38: UNIDAD | L38: 1 | M38: 310000 | O38: =+M38*L38 -> 310000
C39: CABLE ELECTRCO | K39: ML | L39: 3 | M39: 3000 | O39: =+M39*L39 -> 9000
C40: ELEMENTOS DE FIJACION | K40: GL | L40: 1 | M40: 5000 | O40: =+M40*L40 -> 5000
C41: CONECTORES TERMINALES | K41: GL | L41: 1 | M41: 3000 | O41: =+M41*L41 -> 3000
C42: CINTA AISLANTE | K42: GL | L42: 1 | M42: 2000 | O42: =+M42*L42 -> 2000
C43: SUBTOTAL $ | O43: =+SUM(O38:O42) -> 329000
C44: III. TRANSPORTES
C47: MATERIAL | J47: VOL. o PESO | K47: DISTANCIA | L47: M3 o Ton/Km | M47: TARIFA | O47: Vr. UNITARIO
C48: BLOQUE, CEMENTO Y ARENA | J48: 0.01 | K48: 20 | L48: 0.2 | M48: 10000 | O48: =+M48*J48*K48 -> 2000
C50: SUBTOTAL $ | O50: =+O48 -> 2000
C51: IV. MANO DE OBRA
C54: TRABAJADOR | J54: JORNAL | K54: PRESTACIONES | L54: JORNAL TOTAL | M54: RENDIMIENTO | O54: Vr. UNITARIO
C55: OFICIAL DE CONSTRUCCION | J55: 90000 | K55: =+J55*60% -> 54000 | L55: =+K55+J55 -> 144000 | M55: 0.24 | O55: =+L55*M55 -> 34560
C56: AYUDANTE | J56: 65000 | K56: =+J56*60% -> 39000 | L56: =+K56+J56 -> 104000 | M56: 0.235 | O56: =+L56*M56 -> 24440
C59: SUBTOTAL $ | O59: =+SUM(O55:O58) -> 59000
C61: TOTAL COSTO DIRECTO $ | O61: =+O59+O50+O43+O33 -> 400000
C62: V. COSTOS INDIRECTOS
C65: Descripción | L65: Porcentaje | M65: Valor Total
C66: ADMINISTRACION | L66: 0.27 | M66: =+O61*L66 -> 108000
C67: IMPREVISTOS | L67: 0.01 | M67: =+O61*L67 -> 4000
C68: UTILIDAD | L68: 0.04 | M68: =+O61*L68 -> 16000
C69: FACTOR DISTANCIA PARA EL DOVIO | L69: 0.1 | M69: =+O61*L69 -> 40000
C70: SUBTOTAL $ | O70: =+M66+M67+M68+M69 -> 168000
C72: Precio Unitario Total Aproximado al peso $ | O72: =+O70+O61 -> 568000
H76: Firma
H77: Nombre:
H78: Representante Legal del Contratista o su Apoderado
H79: Matricula No. :
C81: OBSERVACIONES INTERVENTORÍA O SUPERVISIÓN
C85: APROBACIÓN POR INTERVENTORÍA O SUPERVISIÓN
C86: Nota 1: Cuando se trate de Análisis de precios unitarios correspondientes a ítems de la propuesta económica aprobada, el interventor o supervisor aprueba el desglose de los componentes manteniendo el mismo precio unitario de cada ítem, cumpliendo con las especificaciones de construcción vigentes para el proyecto.
C88: Nota 2: Cuando se trate de Análisis de precios unitarios de ítems no previstos, el interventor o supervisor aprueba el desglose y precio unitario de cada ítem no previsto, exigiendo la aplicación de los costos correspondientes a insumos y tarifas de la propuesta económica inicial cuando estén contemplados, cumpliendo con las especificaciones de construcción vigente para el proyecto.
H91: Firma
H92: Nombre:
H93: Representante Legal del Interventor o su apoderado o firma del supervisor
H94: Matricula No. :

Sheet APU 2,12
B1: Formulario 1 - Propuesta económica - Documento tipo de mínima cuantía de obra pública de infraestructura social
B2: Versión: 1 de 21 de agosto de 2025
C5: [La entidad podrá utilizar este formato para la presentación de los análisis de Precios Unitarios del Contratista en la oportunidad prevista en el numeral 8.2. de la invitación]
D8: MUNICIPIO DE EL DOVIO
L9: VERSIÓN
D10: [NÚMERO DEL PROCESO]
L11: PÁGINA | M11: 1 | N11: DE | O11: 1
D13: ANALISIS DE PRECIOS UNITARIOS
L15: FECHA | M15: DD | N15: MM | O15: AA
M16: =+'APU 1.1'!M16 -> 30 | N16: =+'APU 1.1'!N16 -> 9 | O16: 2026
C17: ÍTEMS DE LA PROPUESTA ECONÓMICA | I17: ÍTEMS NO PREVISTOS
N20: =10000/8 -> 1250
C21: DATOS ESPECÍFICOS
C23: ÍTEM | D23: DESCRIPCIÓN | M23: UNIDAD | O23: CANTIDAD
C24: =+'PRESUPUESTO OFICIAL (Entidad)'!D28 -> 2.5 | D24: =+'PRESUPUESTO OFICIAL (Entidad)'!G28 -> VINILO TIPO 1, 2M GRADERIAS | M24: =+'PRESUPUESTO OFICIAL (Entidad)'!H28 -> m2 | O24: =+'PRESUPUESTO OFICIAL (Entidad)'!I28 -> 280
C25: I. EQUIPO
C28: DESCRIPCIÓN | H28: MARCA | J28: TIPO | L28: TARIFA/HORA | M28: RENDIMIENTO | O28: Vr. UNITARIO
C29: EQUIPO DE PINTURA | J29: RODILLO Y BROCHA | L29: 5000 | M29: 0.05 | O29: =+M29*L29 -> 250
C30: HERRAMIENTA MENOR | J30: ESPATULA BANDEJA | L30: 4000 | M30: 0.05 | O30: =+M30*L30 -> 200
C31: EQUIPO DE LIMPIEZA | J31: TIPO INDUSTRIAL | L31: 5000 | M31: 0.05 | O31: =+M31*L31 -> 250
C33: SUBTOTAL $ | O33: =SUM(O29:O32) -> 700
C34: II. MATERIALES
C37: DESCRIPCIÓN | K37: UNIDAD | L37: CANTIDAD | M37: PRECIO UNIT. | O37: Vr. UNITARIO
C38: VINILO TIPO 1 | K38: GAL | L38: 0.07 | M38: 65000 | O38: =+M38*L38 -> 4550
C39: ESTUCO/MASILLA | K39: KG | L39: 0.05 | M39: 20000 | O39: =+M39*L39 -> 1000
C40: LIJA | K40: UND | L40: 0.15 | M40: 2000 | O40: =+M40*L40 -> 300
C41: CONSUMIBLE DE PINTURA | K41: GL | L41: 1 | M41: 250 | O41: =+M41*L41 -> 250
C45: SELLADOR PARA JUNTAS | O45: =+SUM(O38:O44) -> 6100
C46: III. TRANSPORTES
C49: MATERIAL | J49: VOL. o PESO | K49: DISTANCIA | L49: M3 o Ton/Km | M49: TARIFA | O49: Vr. UNITARIO
C50: TRANSPORTE PINTURA Y MATERIALES | J50: 0.004 | K50: 20 | L50: 0.06 | M50: 5000 | O50: =+M50*J50*K50 -> 400
C52: SUBTOTAL $ | O52: =+O50 -> 400
C53: IV. MANO DE OBRA
C56: TRABAJADOR | J56: JORNAL | K56: PRESTACIONES | L56: JORNAL TOTAL | M56: RENDIMIENTO | O56: Vr. UNITARIO
C57: OFICIAL DE CONSTRUCCION | J57: 90000 | K57: =+J57*60% -> 54000 | L57: =+K57+J57 -> 144000 | M57: 0.0111 | O57: 1600
C58: AYUDANTE | J58: 65000 | K58: =+J58*60% -> 39000 | L58: =+K58+J58 -> 104000 | M58: 0.01635 | O58: 1700
C61: SUBTOTAL $ | O61: =+SUM(O57:O60) -> 3300
C63: TOTAL COSTO DIRECTO $ | O63: =+O61+O52+O45+O33 -> 10500
C64: V. COSTOS INDIRECTOS
C67: Descripción | L67: Porcentaje | M67: Valor Total
C68: ADMINISTRACION | L68: 0.27 | M68: =+O63*L68 -> 2835
C69: IMPREVISTOS | L69: 0.01 | M69: =+O63*L69 -> 105
C70: UTILIDAD | L70: 0.04 | M70: =+O63*L70 -> 420
C71: FACTOR DISTANCIA PARA EL DOVIO | L71: 0.1 | M71: =+O63*L71 -> 1050
C72: SUBTOTAL $ | O72: =+M68+M69+M70+M71 -> 4410
C74: Precio Unitario Total Aproximado al peso $ | O74: =+O72+O63 -> 14910
H78: Firma
H79: Nombre:
H80: Representante Legal del Contratista o su Apoderado
H81: Matricula No. :
C83: OBSERVACIONES INTERVENTORÍA O SUPERVISIÓN
C87: APROBACIÓN POR INTERVENTORÍA O SUPERVISIÓN
C88: Nota 1: Cuando se trate de Análisis de precios unitarios correspondientes a ítems de la propuesta económica aprobada, el interventor o supervisor aprueba el desglose de los componentes manteniendo el mismo precio unitario de cada ítem, cumpliendo con las especificaciones de construcción vigentes para el proyecto.
C90: Nota 2: Cuando se trate de Análisis de precios unitarios de ítems no previstos, el interventor o supervisor aprueba el desglose y precio unitario de cada ítem no previsto, exigiendo la aplicación de los costos correspondientes a insumos y tarifas de la propuesta económica inicial cuando estén contemplados, cumpliendo con las especificaciones de construcción vigente para el proyecto.
H93: Firma
H94: Nombre:
H95: Representante Legal del Interventor o su apoderado o firma del supervisor
H96: Matricula No. :

Sheet APU 2,13
B1: Formulario 1 - Propuesta económica - Documento tipo de mínima cuantía de obra pública de infraestructura social
B2: Versión: 1 de 21 de agosto de 2025
C5: [La entidad podrá utilizar este formato para la presentación de los análisis de Precios Unitarios del Contratista en la oportunidad prevista en el numeral 8.2. de la invitación]
D8: MUNICIPIO DE EL DOVIO
L9: VERSIÓN
D10: [NÚMERO DEL PROCESO]
L11: PÁGINA | M11: 1 | N11: DE | O11: 1
D13: ANALISIS DE PRECIOS UNITARIOS
L15: FECHA | M15: DD | N15: MM | O15: AA
M16: =+'APU 1.1'!M16 -> 30 | N16: =+'APU 1.1'!N16 -> 9 | O16: 2026
C17: ÍTEMS DE LA PROPUESTA ECONÓMICA | I17: ÍTEMS NO PREVISTOS
N20: =10000/8 -> 1250
C21: DATOS ESPECÍFICOS
C23: ÍTEM | D23: DESCRIPCIÓN | M23: UNIDAD | O23: CANTIDAD
C24: =+'PRESUPUESTO OFICIAL (Entidad)'!D31 -> 2.8 | D24: =+'PRESUPUESTO OFICIAL (Entidad)'!G31 -> ESMALTE BARANDA TUBO 3 LINEAS + PARALES | M24: =+'PRESUPUESTO OFICIAL (Entidad)'!H31 -> mL | O24: =+'PRESUPUESTO OFICIAL (Entidad)'!I31 -> 112
C25: I. EQUIPO
C28: DESCRIPCIÓN | H28: MARCA | J28: TIPO | L28: TARIFA/HORA | M28: RENDIMIENTO | O28: Vr. UNITARIO
C29: ROTOMARTILLO | L29: 15000 | M29: 1.5 | O29: =+M29*L29 -> 22500
C30: PULIDORA | L30: 8000 | M30: 0.5 | O30: =+M30*L30 -> 4000
C31: TALADRO | L31: 8000 | M31: 0.5 | O31: =+M31*L31 -> 4000
C32: HERRAMIENTA MENOR | L32: 7500 | M32: 1 | O32: =+M32*L32 -> 7500
C33: SUBTOTAL $ | O33: =SUM(O29:O32) -> 38000
C34: II. MATERIALES
C37: DESCRIPCIÓN | K37: UNIDAD | L37: CANTIDAD | M37: PRECIO UNIT. | O37: Vr. UNITARIO
C38: TUBERIA PVC 4´´ | K38: ML | L38: 2 | M38: 35000 | O38: =+M38*L38 -> 70000
C39: ACCESORIO DE 4´´ | K39: GL | L39: 1 | M39: 55000 | O39: =+M39*L39 -> 55000
C40: TUBERIA PRESION 1/2 PVC | K40: ML | L40: 3 | M40: 5000 | O40: =+M40*L40 -> 15000
C41: ACCESORIOS DE 1/2 | K41: GL | L41: 1 | M41: 20000 | O41: =+M41*L41 -> 20000
C42: SOLDADURA | K42: GL | L42: 1 | M42: 25000 | O42: =+M42*L42 -> 25000
C43: CEMENTO | K43: BULTO | L43: 1 | M43: 40000 | O43: =+M43*L43 -> 40000
C44: ARENA PARA MONTERO | K44: M3 | L44: 0.1 | M44: 100000 | O44: =+M44*L44 -> 10000
C45: MATERIAL PARA ACABADO | K45: GL | L45: 1 | M45: 22000 | O45: =+M45*L45 -> 22000
C46: SUBTOTAL $ | O46: =+SUM(O38:O45) -> 257000
C47: III. TRANSPORTES
C50: MATERIAL | J50: VOL. o PESO | K50: DISTANCIA | L50: M3 o Ton/Km | M50: TARIFA | O50: Vr. UNITARIO
C51: TRANSPORTE DE MATERIALES Y EQUIPOS | J51: 0.1 | K51: 20 | L51: 2 | M51: 10000 | O51: =+M51*K51*J51 -> 20000
C53: SUBTOTAL $ | O53: =+O51 -> 20000
C54: IV. MANO DE OBRA
C57: TRABAJADOR | J57: JORNAL | K57: PRESTACIONES | L57: JORNAL TOTAL | M57: RENDIMIENTO | O57: Vr. UNITARIO
C58: OFICIAL DE CONSTRUCCION | J58: 100000 | K58: =+J58*60% -> 60000 | L58: =+K58+J58 -> 160000 | M58: 1.1 | O58: =+M58*L58 -> 176000
C59: AYUDANTE | J59: 70000 | K59: =+J59*60% -> 42000 | L59: =+K59+J59 -> 112000 | M59: 0.973 | O59: 109000
C62: SUBTOTAL $ | O62: =+SUM(O58:O61) -> 285000
C64: TOTAL COSTO DIRECTO $ | O64: =+O62+O53+O46+O33 -> 600000
C65: V. COSTOS INDIRECTOS
C68: Descripción | L68: Porcentaje | M68: Valor Total
C69: ADMINISTRACION | L69: 0.27 | M69: =+O64*L69 -> 162000
C70: IMPREVISTOS | L70: 0.01 | M70: =+O64*L70 -> 6000
C71: UTILIDAD | L71: 0.04 | M71: =+O64*L71 -> 24000
C72: FACTOR DISTANCIA PARA EL DOVIO | L72: 0.1 | M72: =+O64*L72 -> 60000
C73: SUBTOTAL $ | O73: =+M69+M70+M71+M72 -> 252000
C75: Precio Unitario Total Aproximado al peso $ | O75: =+O73+O64 -> 852000
H79: Firma
H80: Nombre:
H81: Representante Legal del Contratista o su Apoderado
H82: Matricula No. :
C84: OBSERVACIONES INTERVENTORÍA O SUPERVISIÓN
C88: APROBACIÓN POR INTERVENTORÍA O SUPERVISIÓN
C89: Nota 1: Cuando se trate de Análisis de precios unitarios correspondientes a ítems de la propuesta económica aprobada, el interventor o supervisor aprueba el desglose de los componentes manteniendo el mismo precio unitario de cada ítem, cumpliendo con las especificaciones de construcción vigentes para el proyecto.
C91: Nota 2: Cuando se trate de Análisis de precios unitarios de ítems no previstos, el interventor o supervisor aprueba el desglose y precio unitario de cada ítem no previsto, exigiendo la aplicación de los costos correspondientes a insumos y tarifas de la propuesta económica inicial cuando estén contemplados, cumpliendo con las especificaciones de construcción vigente para el proyecto.
H94: Firma
H95: Nombre:
H96: Representante Legal del Interventor o su apoderado o firma del supervisor
H97: Matricula No. :

Sheet APU 3,1
B1: Formulario 1 - Propuesta económica - Documento tipo de mínima cuantía de obra pública de infraestructura social
B2: Versión: 1 de 21 de agosto de 2025
C5: [La entidad podrá utilizar este formato para la presentación de los análisis de Precios Unitarios del Contratista en la oportunidad prevista en el numeral 8.2. de la invitación]
D8: MUNICIPIO DE EL DOVIO
L9: VERSIÓN
D10: [NÚMERO DEL PROCESO]
L11: PÁGINA | M11: 1 | N11: DE | O11: 1
D13: ANALISIS DE PRECIOS UNITARIOS
L15: FECHA | M15: DD | N15: MM | O15: AA
M16: =+'APU 1.1'!M16 -> 30 | N16: =+'APU 1.1'!N16 -> 9 | O16: 2026
C17: ÍTEMS DE LA PROPUESTA ECONÓMICA | I17: ÍTEMS NO PREVISTOS
N20: =10000/8 -> 1250
C21: DATOS ESPECÍFICOS
C23: ÍTEM | D23: DESCRIPCIÓN | M23: UNIDAD | O23: CANTIDAD
C24: =+'PRESUPUESTO OFICIAL (Entidad)'!D39 -> 3.1 | D24: =+'PRESUPUESTO OFICIAL (Entidad)'!G39 -> ESMALTE LINEA DE DEMARCACION | M24: =+'PRESUPUESTO OFICIAL (Entidad)'!H39 -> mL | O24: =+'PRESUPUESTO OFICIAL (Entidad)'!I39 -> 250
C25: I. EQUIPO
C28: DESCRIPCIÓN | H28: MARCA | J28: TIPO | L28: TARIFA/HORA | M28: RENDIMIENTO | O28: Vr. UNITARIO
C29: EQUIPO DE PINTURA | J29: RODILLO BROCHA | L29: 4000 | M29: 0.03 | O29: =+M29*L29 -> 120
C30: HERRAMIENTA MENOR | J30: BANDEJA | L30: 3000 | M30: 0.02 | O30: =+M30*L30 -> 60
C32: SUBTOTAL $ | O32: =SUM(O29:O31) -> 180
C33: II. MATERIALES
C36: DESCRIPCIÓN | K36: UNIDAD | L36: CANTIDAD | M36: PRECIO UNIT. | O36: Vr. UNITARIO
C37: ESMALTE | K37: L | L37: 0.05 | M37: 18000 | O37: =+M37*L37 -> 900
C38: DISOLVENTE | K38: L | L38: 0.01 | M38: 12000 | O38: =+M38*L38 -> 120
C39: LIJA Y CONSUMIBLES | K39: GL | L39: 1 | M39: 100 | O39: =+M39*L39 -> 100
O40: =+M40*L40 -> 0
O41: =+M41*L41 -> 0
O42: =+M42*L42 -> 0
C43: SUBTOTAL $ | O43: =+SUM(O37:O42) -> 1120
C44: III. TRANSPORTES
C47: MATERIAL | J47: VOL. o PESO | K47: DISTANCIA | L47: M3 o Ton/Km | M47: TARIFA | O47: Vr. UNITARIO
C48: PINTURAS Y ACCESORIOS | J48: 0.001 | K48: 20 | L48: 0.02 | M48: 5000 | O48: =+M48*J48*K48 -> 100
C50: SUBTOTAL $ | O50: =+O48 -> 100
C51: IV. MANO DE OBRA
C54: TRABAJADOR | J54: JORNAL | K54: PRESTACIONES | L54: JORNAL TOTAL | M54: RENDIMIENTO | O54: Vr. UNITARIO
C55: OFICIAL DE CONSTRUCCION | J55: 90000 | K55: =+J55*60% -> 54000 | L55: =+K55+J55 -> 144000 | M55: 0.0036 | O55: =+L55*M55 -> 518.4
C56: AYUDANTE | J56: 65000 | K56: =+J56*60% -> 39000 | L56: =+K56+J56 -> 104000 | M56: 0.00367 | O56: 381.6
C59: SUBTOTAL $ | O59: =+SUM(O55:O58) -> 900
C61: TOTAL COSTO DIRECTO $ | O61: =+O59+O50+O43+O32 -> 2300
C62: V. COSTOS INDIRECTOS
C65: Descripción | L65: Porcentaje | M65: Valor Total
C66: ADMINISTRACION | L66: 0.27 | M66: =+O61*L66 -> 621
C67: IMPREVISTOS | L67: 0.01 | M67: =+O61*L67 -> 23
C68: UTILIDAD | L68: 0.04 | M68: =+O61*L68 -> 92
C69: FACTOR DISTANCIA PARA EL DOVIO | L69: 0.1 | M69: =+O61*L69 -> 230
C70: SUBTOTAL $ | O70: =+M66+M67+M68+M69 -> 966
C72: Precio Unitario Total Aproximado al peso $ | O72: =+O70+O61 -> 3266
H76: Firma
H77: Nombre:
H78: Representante Legal del Contratista o su Apoderado
H79: Matricula No. :
C81: OBSERVACIONES INTERVENTORÍA O SUPERVISIÓN
C85: APROBACIÓN POR INTERVENTORÍA O SUPERVISIÓN
C86: Nota 1: Cuando se trate de Análisis de precios unitarios correspondientes a ítems de la propuesta económica aprobada, el interventor o supervisor aprueba el desglose de los componentes manteniendo el mismo precio unitario de cada ítem, cumpliendo con las especificaciones de construcción vigentes para el proyecto.
C88: Nota 2: Cuando se trate de Análisis de precios unitarios de ítems no previstos, el interventor o supervisor aprueba el desglose y precio unitario de cada ítem no previsto, exigiendo la aplicación de los costos correspondientes a insumos y tarifas de la propuesta económica inicial cuando estén contemplados, cumpliendo con las especificaciones de construcción vigente para el proyecto.
H91: Firma
H92: Nombre:
H93: Representante Legal del Interventor o su apoderado o firma del supervisor
H94: Matricula No. :

Sheet APU 3,2
B1: Formulario 1 - Propuesta económica - Documento tipo de mínima cuantía de obra pública de infraestructura social
B2: Versión: 1 de 21 de agosto de 2025
C5: [La entidad podrá utilizar este formato para la presentación de los análisis de Precios Unitarios del Contratista en la oportunidad prevista en el numeral 8.2. de la invitación]
D8: MUNICIPIO DE EL DOVIO
L9: VERSIÓN
D10: [NÚMERO DEL PROCESO]
L11: PÁGINA | M11: 1 | N11: DE | O11: 1
D13: ANALISIS DE PRECIOS UNITARIOS
L15: FECHA | M15: DD | N15: MM | O15: AA
M16: =+'APU 1.1'!M16 -> 30 | N16: =+'APU 1.1'!N16 -> 9 | O16: 2026
C17: ÍTEMS DE LA PROPUESTA ECONÓMICA | I17: ÍTEMS NO PREVISTOS
N20: =10000/8 -> 1250
C21: DATOS ESPECÍFICOS
C23: ÍTEM | D23: DESCRIPCIÓN | M23: UNIDAD | O23: CANTIDAD
C24: =+'PRESUPUESTO OFICIAL (Entidad)'!D40 -> 3.2 | D24: =+'PRESUPUESTO OFICIAL (Entidad)'!G40 -> SUMINISTRO E INSTALACION MALLA CANCHA MICROFUTBOL | M24: =+'PRESUPUESTO OFICIAL (Entidad)'!H40 -> JUEGO | O24: =+'PRESUPUESTO OFICIAL (Entidad)'!I40 -> 1
C25: I. EQUIPO
C28: DESCRIPCIÓN | H28: MARCA | J28: TIPO | L28: TARIFA/HORA | M28: RENDIMIENTO | O28: Vr. UNITARIO
C29: TALADRO | L29: 10000 | M29: 0.3 | O29: =+M29*L29 -> 3000
C30: ESCALERA | L30: 10000 | M30: 0.3 | O30: =+M30*L30 -> 3000
C31: HERRAMIENTA MENOR | L31: 8000 | M31: 0.5 | O31: =+M31*L31 -> 4000
C32: SUBTOTAL $ | O32: =SUM(O29:O31) -> 10000
C33: II. MATERIALES
C36: DESCRIPCIÓN | K36: UNIDAD | L36: CANTIDAD | M36: PRECIO UNIT. | O36: Vr. UNITARIO
C37: MALLA PARA PORTERIA DE MICRO | K37: UND | L37: 2 | M37: 170000 | O37: =+M37*L37 -> 340000
C38: CUERDA DE AMARRRE DE ALTA RESISTENCIA | K38: ML | L38: 30 | M38: 1000 | O38: =+M38*L38 -> 30000
C39: GANCHOS | K39: UND | L39: 20 | M39: 1000 | O39: =+M39*L39 -> 20000
C40: CONSUMIBLES | K40: GL | L40: 1 | M40: 5000 | O40: =+M40*L40 -> 5000
O41: =+M41*L41 -> 0
O42: =+M42*L42 -> 0
C43: SUBTOTAL $ | O43: =+SUM(O37:O42) -> 395000
C44: III. TRANSPORTES
C47: MATERIAL | J47: VOL. o PESO | K47: DISTANCIA | L47: M3 o Ton/Km | M47: TARIFA | O47: Vr. UNITARIO
C48: PINTURAS Y ACCESORIOS | J48: 0.02 | K48: 20 | L48: 0.4 | M48: 25000 | O48: =+M48*J48*K48 -> 10000
C50: SUBTOTAL $ | O50: =+O48 -> 10000
C51: IV. MANO DE OBRA
C54: TRABAJADOR | J54: JORNAL | K54: PRESTACIONES | L54: JORNAL TOTAL | M54: RENDIMIENTO | O54: Vr. UNITARIO
C55: OFICIAL DE CONSTRUCCION | J55: 90000 | K55: =+J55*60% -> 54000 | L55: =+K55+J55 -> 144000 | M55: 0.26 | O55: =+L55*M55 -> 37440
C56: AYUDANTE | J56: 65000 | K56: =+J56*60% -> 39000 | L56: =+K56+J56 -> 104000 | M56: 0.265 | O56: =+L56*M56 -> 27560
C59: SUBTOTAL $ | O59: =+SUM(O55:O58) -> 65000
C61: TOTAL COSTO DIRECTO $ | O61: =+O59+O50+O43+O32 -> 480000
C62: V. COSTOS INDIRECTOS
C65: Descripción | L65: Porcentaje | M65: Valor Total
C66: ADMINISTRACION | L66: 0.27 | M66: =+O61*L66 -> 129600
C67: IMPREVISTOS | L67: 0.01 | M67: =+O61*L67 -> 4800
C68: UTILIDAD | L68: 0.04 | M68: =+O61*L68 -> 19200
C69: FACTOR DISTANCIA PARA EL DOVIO | L69: 0.1 | M69: =+O61*L69 -> 48000
C70: SUBTOTAL $ | O70: =+M66+M67+M68+M69 -> 201600
C72: Precio Unitario Total Aproximado al peso $ | O72: =+O70+O61 -> 681600
H76: Firma
H77: Nombre:
H78: Representante Legal del Contratista o su Apoderado
H79: Matricula No. :
C81: OBSERVACIONES INTERVENTORÍA O SUPERVISIÓN
C85: APROBACIÓN POR INTERVENTORÍA O SUPERVISIÓN
C86: Nota 1: Cuando se trate de Análisis de precios unitarios correspondientes a ítems de la propuesta económica aprobada, el interventor o supervisor aprueba el desglose de los componentes manteniendo el mismo precio unitario de cada ítem, cumpliendo con las especificaciones de construcción vigentes para el proyecto.
C88: Nota 2: Cuando se trate de Análisis de precios unitarios de ítems no previstos, el interventor o supervisor aprueba el desglose y precio unitario de cada ítem no previsto, exigiendo la aplicación de los costos correspondientes a insumos y tarifas de la propuesta económica inicial cuando estén contemplados, cumpliendo con las especificaciones de construcción vigente para el proyecto.
H91: Firma
H92: Nombre:
H93: Representante Legal del Interventor o su apoderado o firma del supervisor
H94: Matricula No. :

Sheet APU 4,1
B1: Formulario 1 - Propuesta económica - Documento tipo de mínima cuantía de obra pública de infraestructura social
B2: Versión: 1 de 21 de agosto de 2025
C5: [La entidad podrá utilizar este formato para la presentación de los análisis de Precios Unitarios del Contratista en la oportunidad prevista en el numeral 8.2. de la invitación]
D8: MUNICIPIO DE EL DOVIO
L9: VERSIÓN
D10: [NÚMERO DEL PROCESO]
L11: PÁGINA | M11: 1 | N11: DE | O11: 1
D13: ANALISIS DE PRECIOS UNITARIOS
L15: FECHA | M15: DD | N15: MM | O15: AA
M16: =+'APU 1.1'!M16 -> 30 | N16: =+'APU 1.1'!N16 -> 9 | O16: 2026
C17: ÍTEMS DE LA PROPUESTA ECONÓMICA | I17: ÍTEMS NO PREVISTOS
N20: =10000/8 -> 1250
C21: DATOS ESPECÍFICOS
C23: ÍTEM | D23: DESCRIPCIÓN | M23: UNIDAD | O23: CANTIDAD
C24: =+'PRESUPUESTO OFICIAL (Entidad)'!D43 -> 4.1 | D24: =+'PRESUPUESTO OFICIAL (Entidad)'!G43 -> ESMALTE LINEA DE DEMARCACION | M24: =+'PRESUPUESTO OFICIAL (Entidad)'!H43 -> mL | O24: =+'PRESUPUESTO OFICIAL (Entidad)'!I43 -> 250
C25: I. EQUIPO
C28: DESCRIPCIÓN | H28: MARCA | J28: TIPO | L28: TARIFA/HORA | M28: RENDIMIENTO | O28: Vr. UNITARIO
C29: EQUIPO DE PINTURA | J29: RODILLO BROCHA | L29: 4000 | M29: 0.03 | O29: =+M29*L29 -> 120
C30: HERRAMIENTA MENOR | J30: BANDEJA | L30: 3000 | M30: 0.02 | O30: =+M30*L30 -> 60
C32: SUBTOTAL $ | O32: =SUM(O29:O31) -> 180
C33: II. MATERIALES
C36: DESCRIPCIÓN | K36: UNIDAD | L36: CANTIDAD | M36: PRECIO UNIT. | O36: Vr. UNITARIO
C37: ESMALTE | K37: L | L37: 0.05 | M37: 18000 | O37: =+M37*L37 -> 900
C38: DISOLVENTE | K38: L | L38: 0.01 | M38: 12000 | O38: =+M38*L38 -> 120
C39: LIJA Y CONSUMIBLES | K39: GL | L39: 1 | M39: 100 | O39: =+M39*L39 -> 100
O40: =+M40*L40 -> 0
O41: =+M41*L41 -> 0
O42: =+M42*L42 -> 0
C43: SUBTOTAL $ | O43: =+SUM(O37:O42) -> 1120
C44: III. TRANSPORTES
C47: MATERIAL | J47: VOL. o PESO | K47: DISTANCIA | L47: M3 o Ton/Km | M47: TARIFA | O47: Vr. UNITARIO
C48: PINTURAS Y ACCESORIOS | J48: 0.001 | K48: 20 | L48: 0.02 | M48: 5000 | O48: =+M48*J48*K48 -> 100
C50: SUBTOTAL $ | O50: =+O48 -> 100
C51: IV. MANO DE OBRA
C54: TRABAJADOR | J54: JORNAL | K54: PRESTACIONES | L54: JORNAL TOTAL | M54: RENDIMIENTO | O54: Vr. UNITARIO
C55: OFICIAL DE CONSTRUCCION | J55: 90000 | K55: =+J55*60% -> 54000 | L55: =+K55+J55 -> 144000 | M55: 0.0036 | O55: =+L55*M55 -> 518.4
C56: AYUDANTE | J56: 65000 | K56: =+J56*60% -> 39000 | L56: =+K56+J56 -> 104000 | M56: 0.00367 | O56: 381.6
C59: SUBTOTAL $ | O59: =+SUM(O55:O58) -> 900
C61: TOTAL COSTO DIRECTO $ | O61: =+O59+O50+O43+O32 -> 2300
C62: V. COSTOS INDIRECTOS
C65: Descripción | L65: Porcentaje | M65: Valor Total
C66: ADMINISTRACION | L66: 0.27 | M66: =+O61*L66 -> 621
C67: IMPREVISTOS | L67: 0.01 | M67: =+O61*L67 -> 23
C68: UTILIDAD | L68: 0.04 | M68: =+O61*L68 -> 92
C69: FACTOR DISTANCIA PARA EL DOVIO | L69: 0.1 | M69: =+O61*L69 -> 230
C70: SUBTOTAL $ | O70: =+M66+M67+M68+M69 -> 966
C72: Precio Unitario Total Aproximado al peso $ | O72: =+O70+O61 -> 3266
H76: Firma
H77: Nombre:
H78: Representante Legal del Contratista o su Apoderado
H79: Matricula No. :
C81: OBSERVACIONES INTERVENTORÍA O SUPERVISIÓN
C85: APROBACIÓN POR INTERVENTORÍA O SUPERVISIÓN
C86: Nota 1: Cuando se trate de Análisis de precios unitarios correspondientes a ítems de la propuesta económica aprobada, el interventor o supervisor aprueba el desglose de los componentes manteniendo el mismo precio unitario de cada ítem, cumpliendo con las especificaciones de construcción vigentes para el proyecto.
C88: Nota 2: Cuando se trate de Análisis de precios unitarios de ítems no previstos, el interventor o supervisor aprueba el desglose y precio unitario de cada ítem no previsto, exigiendo la aplicación de los costos correspondientes a insumos y tarifas de la propuesta económica inicial cuando estén contemplados, cumpliendo con las especificaciones de construcción vigente para el proyecto.
H91: Firma
H92: Nombre:
H93: Representante Legal del Interventor o su apoderado o firma del supervisor
H94: Matricula No. :

Sheet APU 5,1
B1: Formulario 1 - Propuesta económica - Documento tipo de mínima cuantía de obra pública de infraestructura social
B2: Versión: 1 de 21 de agosto de 2025
C5: [La entidad podrá utilizar este formato para la presentación de los análisis de Precios Unitarios del Contratista en la oportunidad prevista en el numeral 8.2. de la invitación]
D8: MUNICIPIO DE EL DOVIO
L9: VERSIÓN
D10: [NÚMERO DEL PROCESO]
L11: PÁGINA | M11: 1 | N11: DE | O11: 1
D13: ANALISIS DE PRECIOS UNITARIOS
L15: FECHA | M15: DD | N15: MM | O15: AA
M16: 30 | N16: 9 | O16: 2026
C17: ÍTEMS DE LA PROPUESTA ECONÓMICA | I17: ÍTEMS NO PREVISTOS
N20: =10000/8 -> 1250
C21: DATOS ESPECÍFICOS
C23: ÍTEM | D23: DESCRIPCIÓN | M23: UNIDAD | O23: CANTIDAD
C24: =+'PRESUPUESTO OFICIAL (Entidad)'!D46 -> 5.1 | D24: =+'PRESUPUESTO OFICIAL (Entidad)'!G46 -> SUMINISTRO E INSTALACION DE REFLECTORES 200W | M24: =+'PRESUPUESTO OFICIAL (Entidad)'!H43 -> mL | O24: =+'PRESUPUESTO OFICIAL (Entidad)'!I46 -> 2
C25: I. EQUIPO
C28: DESCRIPCIÓN | H28: MARCA | J28: TIPO | L28: TARIFA/HORA | M28: RENDIMIENTO | O28: Vr. UNITARIO
C29: TALADRO PERCUTOR | H29: DEWALT | J29: ELECTRICO | L29: 8000 | M29: 0.1 | O29: =+M29*L29 -> 800
C30: ESCALERA | L30: 10000 | M30: 0.15 | O30: =+M30*L30 -> 1500
C31: MULTIMETRO | L31: 5000 | M31: 0.05 | O31: =+M31*L31 -> 250
C32: HERRAMIENTA MENOR | L32: 5000 | M32: 0.1 | O32: =+M32*L32 -> 500
C33: SUBTOTAL $ | O33: =SUM(O29:O32) -> 3050
C34: II. MATERIALES
C37: DESCRIPCIÓN | K37: UNIDAD | L37: CANTIDAD | M37: PRECIO UNIT. | O37: Vr. UNITARIO
C38: REFLECTOR LED 200 W | K38: UNIDAD | L38: 1 | M38: 82000 | O38: =+M38*L38 -> 82000
C39: CABLE ELECTRCO | K39: ML | L39: 2 | M39: 2000 | O39: =+M39*L39 -> 4000
C40: CONECTORES TERMINALES | K40: GL | L40: 1 | M40: 1000 | O40: =+M40*L40 -> 1000
C41: TORNILLOS CHAZOS | K41: GL | L41: 1 | M41: 1500 | O41: =+M41*L41 -> 1500
C42: CINTA AISLANTE | K42: GL | L42: 1 | M42: 500 | O42: =+M42*L42 -> 500
C43: SUBTOTAL $ | O43: =+SUM(O38:O42) -> 89000
C44: III. TRANSPORTES
C47: MATERIAL | J47: VOL. o PESO | K47: DISTANCIA | L47: M3 o Ton/Km | M47: TARIFA | O47: Vr. UNITARIO
C48: BLOQUE, CEMENTO Y ARENA | J48: 0.004 | K48: 30 | L48: 0.12 | M48: 10000 | O48: =+M48*J48*K48 -> 1200
C50: SUBTOTAL $ | O50: =+O48 -> 1200
C51: IV. MANO DE OBRA
C54: TRABAJADOR | J54: JORNAL | K54: PRESTACIONES | L54: JORNAL TOTAL | M54: RENDIMIENTO | O54: Vr. UNITARIO
C55: OFICIAL DE CONSTRUCCION | J55: 90000 | K55: =+J55*60% -> 54000 | L55: =+K55+J55 -> 144000 | M55: 0.108 | O55: =+L55*M55 -> 15552
C56: AYUDANTE | J56: 65000 | K56: =+J56*60% -> 39000 | L56: =+K56+J56 -> 104000 | M56: 0.108 | O56: 11198
C59: SUBTOTAL $ | O59: =+SUM(O55:O58) -> 26750
C61: TOTAL COSTO DIRECTO $ | O61: =+O59+O50+O43+O33 -> 120000
C62: V. COSTOS INDIRECTOS
C65: Descripción | L65: Porcentaje | M65: Valor Total
C66: ADMINISTRACION | L66: 0.27 | M66: =+O61*L66 -> 32400
C67: IMPREVISTOS | L67: 0.01 | M67: =+O61*L67 -> 1200
C68: UTILIDAD | L68: 0.04 | M68: =+O61*L68 -> 4800
C69: FACTOR DISTANCIA PARA EL DOVIO | L69: 0.1 | M69: =+O61*L69 -> 12000
C70: SUBTOTAL $ | O70: =+M66+M67+M68+M69 -> 50400
C72: Precio Unitario Total Aproximado al peso $ | O72: =+O70+O61 -> 170400
H76: Firma
H77: Nombre:
H78: Representante Legal del Contratista o su Apoderado
H79: Matricula No. :
C81: OBSERVACIONES INTERVENTORÍA O SUPERVISIÓN
C85: APROBACIÓN POR INTERVENTORÍA O SUPERVISIÓN
C86: Nota 1: Cuando se trate de Análisis de precios unitarios correspondientes a ítems de la propuesta económica aprobada, el interventor o supervisor aprueba el desglose de los componentes manteniendo el mismo precio unitario de cada ítem, cumpliendo con las especificaciones de construcción vigentes para el proyecto.
C88: Nota 2: Cuando se trate de Análisis de precios unitarios de ítems no previstos, el interventor o supervisor aprueba el desglose y precio unitario de cada ítem no previsto, exigiendo la aplicación de los costos correspondientes a insumos y tarifas de la propuesta económica inicial cuando estén contemplados, cumpliendo con las especificaciones de construcción vigente para el proyecto.
H91: Firma
H92: Nombre:
H93: Representante Legal del Interventor o su apoderado o firma del supervisor
H94: Matricula No. :

Sheet APU 5,2
B1: Formulario 1 - Propuesta económica - Documento tipo de mínima cuantía de obra pública de infraestructura social
B2: Versión: 1 de 21 de agosto de 2025
C5: [La entidad podrá utilizar este formato para la presentación de los análisis de Precios Unitarios del Contratista en la oportunidad prevista en el numeral 8.2. de la invitación]
D8: MUNICIPIO DE EL DOVIO
L9: VERSIÓN
D10: [NÚMERO DEL PROCESO]
L11: PÁGINA | M11: 1 | N11: DE | O11: 1
D13: ANALISIS DE PRECIOS UNITARIOS
L15: FECHA | M15: DD | N15: MM | O15: AA
M16: =+'APU 1.1'!M16 -> 30 | N16: =+'APU 1.1'!N16 -> 9 | O16: 2026
C17: ÍTEMS DE LA PROPUESTA ECONÓMICA | I17: ÍTEMS NO PREVISTOS
N20: =10000/8 -> 1250
C21: DATOS ESPECÍFICOS
C23: ÍTEM | D23: DESCRIPCIÓN | M23: UNIDAD | O23: CANTIDAD
C24: =+'PRESUPUESTO OFICIAL (Entidad)'!D47 -> 5.2 | D24: =+'PRESUPUESTO OFICIAL (Entidad)'!G47 -> ESMALTE LINEA DE DEMARCACION | M24: =+'PRESUPUESTO OFICIAL (Entidad)'!H47 -> mL | O24: =+'PRESUPUESTO OFICIAL (Entidad)'!I47 -> 250
C25: I. EQUIPO
C28: DESCRIPCIÓN | H28: MARCA | J28: TIPO | L28: TARIFA/HORA | M28: RENDIMIENTO | O28: Vr. UNITARIO
C29: EQUIPO DE PINTURA | J29: RODILLO BROCHA | L29: 4000 | M29: 0.03 | O29: =+M29*L29 -> 120
C30: HERRAMIENTA MENOR | J30: BANDEJA | L30: 3000 | M30: 0.02 | O30: =+M30*L30 -> 60
C32: SUBTOTAL $ | O32: =SUM(O29:O31) -> 180
C33: II. MATERIALES
C36: DESCRIPCIÓN | K36: UNIDAD | L36: CANTIDAD | M36: PRECIO UNIT. | O36: Vr. UNITARIO
C37: ESMALTE | K37: L | L37: 0.05 | M37: 18000 | O37: =+M37*L37 -> 900
C38: DISOLVENTE | K38: L | L38: 0.01 | M38: 12000 | O38: =+M38*L38 -> 120
C39: LIJA Y CONSUMIBLES | K39: GL | L39: 1 | M39: 100 | O39: =+M39*L39 -> 100
O40: =+M40*L40 -> 0
O41: =+M41*L41 -> 0
O42: =+M42*L42 -> 0
C43: SUBTOTAL $ | O43: =+SUM(O37:O42) -> 1120
C44: III. TRANSPORTES
C47: MATERIAL | J47: VOL. o PESO | K47: DISTANCIA | L47: M3 o Ton/Km | M47: TARIFA | O47: Vr. UNITARIO
C48: PINTURAS Y ACCESORIOS | J48: 0.001 | K48: 20 | L48: 0.02 | M48: 5000 | O48: =+M48*J48*K48 -> 100
C50: SUBTOTAL $ | O50: =+O48 -> 100
C51: IV. MANO DE OBRA
C54: TRABAJADOR | J54: JORNAL | K54: PRESTACIONES | L54: JORNAL TOTAL | M54: RENDIMIENTO | O54: Vr. UNITARIO
C55: OFICIAL DE CONSTRUCCION | J55: 90000 | K55: =+J55*60% -> 54000 | L55: =+K55+J55 -> 144000 | M55: 0.0036 | O55: =+L55*M55 -> 518.4
C56: AYUDANTE | J56: 65000 | K56: =+J56*60% -> 39000 | L56: =+K56+J56 -> 104000 | M56: 0.00367 | O56: 381.6
C59: SUBTOTAL $ | O59: =+SUM(O55:O58) -> 900
C61: TOTAL COSTO DIRECTO $ | O61: =+O59+O50+O43+O32 -> 2300
C62: V. COSTOS INDIRECTOS
C65: Descripción | L65: Porcentaje | M65: Valor Total
C66: ADMINISTRACION | L66: 0.27 | M66: =+O61*L66 -> 621
C67: IMPREVISTOS | L67: 0.01 | M67: =+O61*L67 -> 23
C68: UTILIDAD | L68: 0.04 | M68: =+O61*L68 -> 92
C69: FACTOR DISTANCIA PARA EL DOVIO | L69: 0.1 | M69: =+O61*L69 -> 230
C70: SUBTOTAL $ | O70: =+M66+M67+M68+M69 -> 966
C72: Precio Unitario Total Aproximado al peso $ | O72: =+O70+O61 -> 3266
H76: Firma
H77: Nombre:
H78: Representante Legal del Contratista o su Apoderado
H79: Matricula No. :
C81: OBSERVACIONES INTERVENTORÍA O SUPERVISIÓN
C85: APROBACIÓN POR INTERVENTORÍA O SUPERVISIÓN
C86: Nota 1: Cuando se trate de Análisis de precios unitarios correspondientes a ítems de la propuesta económica aprobada, el interventor o supervisor aprueba el desglose de los componentes manteniendo el mismo precio unitario de cada ítem, cumpliendo con las especificaciones de construcción vigentes para el proyecto.
C88: Nota 2: Cuando se trate de Análisis de precios unitarios de ítems no previstos, el interventor o supervisor aprueba el desglose y precio unitario de cada ítem no previsto, exigiendo la aplicación de los costos correspondientes a insumos y tarifas de la propuesta económica inicial cuando estén contemplados, cumpliendo con las especificaciones de construcción vigente para el proyecto.
H91: Firma
H92: Nombre:
H93: Representante Legal del Interventor o su apoderado o firma del supervisor
H94: Matricula No. :

Sheet APU 6,1
B1: Formulario 1 - Propuesta económica - Documento tipo de mínima cuantía de obra pública de infraestructura social
B2: Versión: 1 de 21 de agosto de 2025
C5: [La entidad podrá utilizar este formato para la presentación de los análisis de Precios Unitarios del Contratista en la oportunidad prevista en el numeral 8.2. de la invitación]
D8: MUNICIPIO DE EL DOVIO
L9: VERSIÓN
D10: [NÚMERO DEL PROCESO]
L11: PÁGINA | M11: 1 | N11: DE | O11: 1
D13: ANALISIS DE PRECIOS UNITARIOS
L15: FECHA | M15: DD | N15: MM | O15: AA
M16: =+'APU 1.1'!M16 -> 30 | N16: =+'APU 1.1'!N16 -> 9 | O16: 2026
C17: ÍTEMS DE LA PROPUESTA ECONÓMICA | I17: ÍTEMS NO PREVISTOS
N20: =10000/8 -> 1250
C21: DATOS ESPECÍFICOS
C23: ÍTEM | D23: DESCRIPCIÓN | M23: UNIDAD | O23: CANTIDAD
C24: =+'PRESUPUESTO OFICIAL (Entidad)'!D50 -> 6.1 | D24: =+'PRESUPUESTO OFICIAL (Entidad)'!G50 -> SUMINISTRO E INSTALACION DE BANCA SIN ESPALDAR concreto 3000 psi con acero de 3/8 | M24: =+'PRESUPUESTO OFICIAL (Entidad)'!H50 -> UND | O24: =+'PRESUPUESTO OFICIAL (Entidad)'!I50 -> 16
C25: I. EQUIPO
C28: DESCRIPCIÓN | H28: MARCA | J28: TIPO | L28: TARIFA/HORA | M28: RENDIMIENTO | O28: Vr. UNITARIO
C29: MEZCLADORA DE CONCRETO | L29: 15000 | M29: 0.5 | O29: =+M29*L29 -> 7500
C30: VIBRADOR PARA CONCRETO | L30: 12000 | M30: 0.25 | O30: =+M30*L30 -> 3000
C31: PULIDORA | L31: 8000 | M31: 0.25 | O31: =+M31*L31 -> 2000
C32: HERRAMIENTA MENOR | L32: 7500 | M32: 0.6 | O32: =+M32*L32 -> 4500
C33: SUBTOTAL $ | O33: =SUM(O29:O32) -> 17000
C34: II. MATERIALES
C37: DESCRIPCIÓN | K37: UNIDAD | L37: CANTIDAD | M37: PRECIO UNIT. | O37: Vr. UNITARIO
C38: CONCRETO 3000 PSI | K38: M3 | L38: 0.2 | M38: 500000 | O38: =+M38*L38 -> 100000
C39: ACERO CORRUGADO 3/8 | K39: KG | L39: 12 | M39: 6000 | O39: =+M39*L39 -> 72000
C40: ALAMBRE NEGRO AMAERRE | K40: KG | L40: 0.5 | M40: 8000 | O40: =+M40*L40 -> 4000
C41: FORMALETA PARA BANCA | K41: GL | L41: 1 | M41: 20000 | O41: =+M41*L41 -> 20000
C42: SEPARADORES Y ELEMNTOS MENORES | K42: GL | L42: 1 | M42: 4000 | O42: =+M42*L42 -> 4000
C43: DESMOLDANTE | K43: GL | L43: 1 | M43: 5000 | O43: =+M43*L43 -> 5000
C44: SUBTOTAL $ | O44: =+SUM(O38:O43) -> 205000
C45: III. TRANSPORTES
C48: MATERIAL | J48: VOL. o PESO | K48: DISTANCIA | L48: M3 o Ton/Km | M48: TARIFA | O48: Vr. UNITARIO
C49: TRANSPORTE DE MATERIALES Y EQUIPOS | J49: 0.5 | K49: 10 | L49: 5 | M49: 2000 | O49: =+M49*K49*J49 -> 10000
C51: SUBTOTAL $ | O51: =+O49 -> 10000
C52: IV. MANO DE OBRA
C55: TRABAJADOR | J55: JORNAL | K55: PRESTACIONES | L55: JORNAL TOTAL | M55: RENDIMIENTO | O55: Vr. UNITARIO
C56: OFICIAL DE CONSTRUCCION | J56: 90000 | K56: =+J56*60% -> 54000 | L56: =+K56+J56 -> 144000 | M56: 0.3125 | O56: =+M56*L56 -> 45000
C57: AYUDANTE | J57: 65000 | K57: =+J57*60% -> 39000 | L57: =+K57+J57 -> 104000 | M57: 0.3173 | O57: 33000
C60: SUBTOTAL $ | O60: =+SUM(O56:O59) -> 78000
C62: TOTAL COSTO DIRECTO $ | O62: =+O60+O51+O44+O33 -> 310000
C63: V. COSTOS INDIRECTOS
C66: Descripción | L66: Porcentaje | M66: Valor Total
C67: ADMINISTRACION | L67: 0.27 | M67: =+O62*L67 -> 83700
C68: IMPREVISTOS | L68: 0.01 | M68: =+O62*L68 -> 3100
C69: UTILIDAD | L69: 0.04 | M69: =+O62*L69 -> 12400
C70: FACTOR DISTANCIA PARA EL DOVIO | L70: 0.1 | M70: =+O62*L70 -> 31000
C71: SUBTOTAL $ | O71: =+M67+M68+M69+M70 -> 130200
C73: Precio Unitario Total Aproximado al peso $ | O73: =+O71+O62 -> 440200
H77: Firma
H78: Nombre:
H79: Representante Legal del Contratista o su Apoderado
H80: Matricula No. :
C82: OBSERVACIONES INTERVENTORÍA O SUPERVISIÓN
C86: APROBACIÓN POR INTERVENTORÍA O SUPERVISIÓN
C87: Nota 1: Cuando se trate de Análisis de precios unitarios correspondientes a ítems de la propuesta económica aprobada, el interventor o supervisor aprueba el desglose de los componentes manteniendo el mismo precio unitario de cada ítem, cumpliendo con las especificaciones de construcción vigentes para el proyecto.
C89: Nota 2: Cuando se trate de Análisis de precios unitarios de ítems no previstos, el interventor o supervisor aprueba el desglose y precio unitario de cada ítem no previsto, exigiendo la aplicación de los costos correspondientes a insumos y tarifas de la propuesta económica inicial cuando estén contemplados, cumpliendo con las especificaciones de construcción vigente para el proyecto.
H92: Firma
H93: Nombre:
H94: Representante Legal del Interventor o su apoderado o firma del supervisor
H95: Matricula No. :

Sheet APU 6,2
B1: Formulario 1 - Propuesta económica - Documento tipo de mínima cuantía de obra pública de infraestructura social
B2: Versión: 1 de 21 de agosto de 2025
C5: [La entidad podrá utilizar este formato para la presentación de los análisis de Precios Unitarios del Contratista en la oportunidad prevista en el numeral 8.2. de la invitación]
D8: MUNICIPIO DE EL DOVIO
L9: VERSIÓN
D10: [NÚMERO DEL PROCESO]
L11: PÁGINA | M11: 1 | N11: DE | O11: 1
D13: ANALISIS DE PRECIOS UNITARIOS
L15: FECHA | M15: DD | N15: MM | O15: AA
M16: =+'APU 1.1'!M16 -> 30 | N16: =+'APU 1.1'!N16 -> 9 | O16: 2026
C17: ÍTEMS DE LA PROPUESTA ECONÓMICA | I17: ÍTEMS NO PREVISTOS
N20: =10000/8 -> 1250
C21: DATOS ESPECÍFICOS
C23: ÍTEM | D23: DESCRIPCIÓN | M23: UNIDAD | O23: CANTIDAD
C24: =+'PRESUPUESTO OFICIAL (Entidad)'!D51 -> 6.2 | D24: =+'PRESUPUESTO OFICIAL (Entidad)'!G51 -> ESMALTE LINEA DE DEMARCACION | M24: =+'PRESUPUESTO OFICIAL (Entidad)'!H51 -> mL | O24: =+'PRESUPUESTO OFICIAL (Entidad)'!I51 -> 250
C25: I. EQUIPO
C28: DESCRIPCIÓN | H28: MARCA | J28: TIPO | L28: TARIFA/HORA | M28: RENDIMIENTO | O28: Vr. UNITARIO
C29: EQUIPO DE PINTURA | J29: RODILLO BROCHA | L29: 4000 | M29: 0.03 | O29: =+M29*L29 -> 120
C30: HERRAMIENTA MENOR | J30: BANDEJA | L30: 3000 | M30: 0.02 | O30: =+M30*L30 -> 60
C32: SUBTOTAL $ | O32: =SUM(O29:O31) -> 180
C33: II. MATERIALES
C36: DESCRIPCIÓN | K36: UNIDAD | L36: CANTIDAD | M36: PRECIO UNIT. | O36: Vr. UNITARIO
C37: ESMALTE | K37: L | L37: 0.05 | M37: 18000 | O37: =+M37*L37 -> 900
C38: DISOLVENTE | K38: L | L38: 0.01 | M38: 12000 | O38: =+M38*L38 -> 120
C39: LIJA Y CONSUMIBLES | K39: GL | L39: 1 | M39: 100 | O39: =+M39*L39 -> 100
O40: =+M40*L40 -> 0
O41: =+M41*L41 -> 0
O42: =+M42*L42 -> 0
C43: SUBTOTAL $ | O43: =+SUM(O37:O42) -> 1120
C44: III. TRANSPORTES
C47: MATERIAL | J47: VOL. o PESO | K47: DISTANCIA | L47: M3 o Ton/Km | M47: TARIFA | O47: Vr. UNITARIO
C48: PINTURAS Y ACCESORIOS | J48: 0.001 | K48: 20 | L48: 0.02 | M48: 5000 | O48: =+M48*J48*K48 -> 100
C50: SUBTOTAL $ | O50: =+O48 -> 100
C51: IV. MANO DE OBRA
C54: TRABAJADOR | J54: JORNAL | K54: PRESTACIONES | L54: JORNAL TOTAL | M54: RENDIMIENTO | O54: Vr. UNITARIO
C55: OFICIAL DE CONSTRUCCION | J55: 90000 | K55: =+J55*60% -> 54000 | L55: =+K55+J55 -> 144000 | M55: 0.0036 | O55: =+L55*M55 -> 518.4
C56: AYUDANTE | J56: 65000 | K56: =+J56*60% -> 39000 | L56: =+K56+J56 -> 104000 | M56: 0.00367 | O56: 381.6
C59: SUBTOTAL $ | O59: =+SUM(O55:O58) -> 900
C61: TOTAL COSTO DIRECTO $ | O61: =+O59+O50+O43+O32 -> 2300
C62: V. COSTOS INDIRECTOS
C65: Descripción | L65: Porcentaje | M65: Valor Total
C66: ADMINISTRACION | L66: 0.27 | M66: =+O61*L66 -> 621
C67: IMPREVISTOS | L67: 0.01 | M67: =+O61*L67 -> 23
C68: UTILIDAD | L68: 0.04 | M68: =+O61*L68 -> 92
C69: FACTOR DISTANCIA PARA EL DOVIO | L69: 0.1 | M69: =+O61*L69 -> 230
C70: SUBTOTAL $ | O70: =+M66+M67+M68+M69 -> 966
C72: Precio Unitario Total Aproximado al peso $ | O72: =+O70+O61 -> 3266
H76: Firma
H77: Nombre:
H78: Representante Legal del Contratista o su Apoderado
H79: Matricula No. :
C81: OBSERVACIONES INTERVENTORÍA O SUPERVISIÓN
C85: APROBACIÓN POR INTERVENTORÍA O SUPERVISIÓN
C86: Nota 1: Cuando se trate de Análisis de precios unitarios correspondientes a ítems de la propuesta económica aprobada, el interventor o supervisor aprueba el desglose de los componentes manteniendo el mismo precio unitario de cada ítem, cumpliendo con las especificaciones de construcción vigentes para el proyecto.
C88: Nota 2: Cuando se trate de Análisis de precios unitarios de ítems no previstos, el interventor o supervisor aprueba el desglose y precio unitario de cada ítem no previsto, exigiendo la aplicación de los costos correspondientes a insumos y tarifas de la propuesta económica inicial cuando estén contemplados, cumpliendo con las especificaciones de construcción vigente para el proyecto.
H91: Firma
H92: Nombre:
H93: Representante Legal del Interventor o su apoderado o firma del supervisor
H94: Matricula No. :

Sheet APU 6,3
B1: Formulario 1 - Propuesta económica - Documento tipo de mínima cuantía de obra pública de infraestructura social
B2: Versión: 1 de 21 de agosto de 2025
C5: [La entidad podrá utilizar este formato para la presentación de los análisis de Precios Unitarios del Contratista en la oportunidad prevista en el numeral 8.2. de la invitación]
D8: MUNICIPIO DE EL DOVIO
L9: VERSIÓN
D10: [NÚMERO DEL PROCESO]
L11: PÁGINA | M11: 1 | N11: DE | O11: 1
D13: ANALISIS DE PRECIOS UNITARIOS
L15: FECHA | M15: DD | N15: MM | O15: AA
M16: 30 | N16: 9 | O16: 2026
C17: ÍTEMS DE LA PROPUESTA ECONÓMICA | I17: ÍTEMS NO PREVISTOS
N20: =10000/8 -> 1250
C21: DATOS ESPECÍFICOS
C23: ÍTEM | D23: DESCRIPCIÓN | M23: UNIDAD | O23: CANTIDAD
C24: =+'PRESUPUESTO OFICIAL (Entidad)'!D52 -> 6.3 | D24: =+'PRESUPUESTO OFICIAL (Entidad)'!G52 -> DESMONTE E INSTALACION DE TABLEROS | M24: =+'PRESUPUESTO OFICIAL (Entidad)'!H52 -> und | O24: =+'PRESUPUESTO OFICIAL (Entidad)'!I52 -> 2
C25: I. EQUIPO
C28: DESCRIPCIÓN | H28: MARCA | J28: TIPO | L28: TARIFA/HORA | M28: RENDIMIENTO | O28: Vr. UNITARIO
C29: TALADRO ELECTRICO | H29: DEWALT | J29: ELECTRICO | L29: 10000 | M29: 0.2 | O29: =+M29*L29 -> 2000
C30: PULIDORA | L30: 8000 | M30: 0.15 | O30: =+M30*L30 -> 1200
C31: EQUIPO DE ACCESO | J31: ESCALERA | L31: 15000 | M31: 0.3 | O31: =+M31*L31 -> 4500
C32: HERRAMIENTA MENOR | L32: 6000 | M32: 0.25 | O32: =+M32*L32 -> 1500
C33: SUBTOTAL $ | O33: =SUM(O29:O32) -> 9200
C34: II. MATERIALES
C37: DESCRIPCIÓN | K37: UNIDAD | L37: CANTIDAD | M37: PRECIO UNIT. | O37: Vr. UNITARIO
C38: PERNOS Y TORNILLRIA | K38: GL, | L38: 1 | M38: 8000 | O38: =+M38*L38 -> 8000
C39: ARANDELAS Y TUERCAS | K39: GL, | L39: 1 | M39: 4000 | O39: =+M39*L39 -> 4000
C40: SOLDADURA | K40: KG | L40: 0.2 | M40: 15000 | O40: =+M40*L40 -> 3000
C41: ANTICORROSIVO | K41: L | L41: 0.15 | M41: 20000 | O41: =+M41*L41 -> 3000
C42: CONSUMIBLES | K42: GL, | L42: 1 | M42: 2000 | O42: =+M42*L42 -> 2000
O43: =+M43*L43 -> 0
C44: SUBTOTAL $ | O44: =+SUM(O38:O43) -> 20000
C45: III. TRANSPORTES
C48: MATERIAL | J48: VOL. o PESO | K48: DISTANCIA | L48: M3 o Ton/Km | M48: TARIFA | O48: Vr. UNITARIO
C49: TRASLADO TABLERO Y ELEMNTOS | J49: 0.04 | K49: 20 | L49: 0.8 | M49: 5000 | O49: =+M49*J49*K49 -> 4000
C51: SUBTOTAL $ | O51: =+O49 -> 4000
C52: IV. MANO DE OBRA
C55: TRABAJADOR | J55: JORNAL | K55: PRESTACIONES | L55: JORNAL TOTAL | M55: RENDIMIENTO | O55: Vr. UNITARIO
C56: OFICIAL DE CONSTRUCCION | J56: 90000 | K56: =+J56*60% -> 54000 | L56: =+K56+J56 -> 144000 | M56: 0.3508 | O56: 50515
C57: AYUDANTE | J57: 65000 | K57: =+J57*60% -> 39000 | L57: =+K57+J57 -> 104000 | M57: 0.3489 | O57: 36285
C60: SUBTOTAL $ | O60: =+SUM(O56:O59) -> 86800
C62: TOTAL COSTO DIRECTO $ | O62: =+O60+O51+O44+O33 -> 120000
C63: V. COSTOS INDIRECTOS
C66: Descripción | L66: Porcentaje | M66: Valor Total
C67: ADMINISTRACION | L67: 0.27 | M67: =+O62*L67 -> 32400
C68: IMPREVISTOS | L68: 0.01 | M68: =+O62*L68 -> 1200
C69: UTILIDAD | L69: 0.04 | M69: =+O62*L69 -> 4800
C70: FACTOR DISTANCIA PARA EL DOVIO | L70: 0.1 | M70: =+O62*L70 -> 12000
C71: SUBTOTAL $ | O71: =+M67+M68+M69+M70 -> 50400
C73: Precio Unitario Total Aproximado al peso $ | O73: =+O71+O62 -> 170400
H77: Firma
H78: Nombre:
H79: Representante Legal del Contratista o su Apoderado
H80: Matricula No. :
C82: OBSERVACIONES INTERVENTORÍA O SUPERVISIÓN
C86: APROBACIÓN POR INTERVENTORÍA O SUPERVISIÓN
C87: Nota 1: Cuando se trate de Análisis de precios unitarios correspondientes a ítems de la propuesta económica aprobada, el interventor o supervisor aprueba el desglose de los componentes manteniendo el mismo precio unitario de cada ítem, cumpliendo con las especificaciones de construcción vigentes para el proyecto.
C89: Nota 2: Cuando se trate de Análisis de precios unitarios de ítems no previstos, el interventor o supervisor aprueba el desglose y precio unitario de cada ítem no previsto, exigiendo la aplicación de los costos correspondientes a insumos y tarifas de la propuesta económica inicial cuando estén contemplados, cumpliendo con las especificaciones de construcción vigente para el proyecto.
H92: Firma
H93: Nombre:
H94: Representante Legal del Interventor o su apoderado o firma del supervisor
H95: Matricula No. :
